 Dungeon Crawl Stone Soup version 0.31-a0-263-ge8cad7f256 (webtiles) character file.

Game seed: 5815777615881334690

1005682 juan097 the Slayer (level 27, -8/190 (198) HPs)
             Began as an Octopode Shapeshifter on July 13, 2023.
             Was the Champion of Ru.
             Killed from afar by a hellion (35 damage)
             ... with damnation
             ... on level 21 of a ziggurat on July 14, 2023.
             The game lasted 06:14:46 (86472 turns).

juan097 the Slayer (Octopode Shapeshifter)         Turns: 86472, Time: 06:14:46

HP:   -8/190 (198)  AC: 18    Str: 22    XL:     27
MP:   19/25         EV: 38    Int:  8    God:    Ru [******]
Gold: 7916          SH: 10    Dex: 26    Spells: 16/38 levels left

rFire   + +          .
                       - Unarmed
rCold   + + .        X - +3 buckler {AC+3}
rNeg    + + +        l - +2 hat of Defence {rF+ Will+ Regen+ SInv}
rPois   ∞            W - amulet of the Four Winds {rN+ Will+++ Clar}
rElec   .            f - +6 ring of strength
rCorr   +            o - ring "Zicuvamm" {rN++ rCorr Stlth+}
SInv    +            y - ring of Azim Caal {Wiz +Blink rC+ Stlth+}
Will    +++++        K - +4 ring of protection
Stlth   +++++++      B - ring "Basmum" {Wiz rC+ Dex+3}
HPRegen 1.31/turn    p - ring "Kul Li Suarch" {rPois rF+ Will+ AC+4}
MPRegen 0.19/turn    g - ring of protection from fire
                     I - +4 ring of protection

%: clarity, wizardry (x2)
@: exhausted, death-form, studying 6 skills, lightly drained, unable to drink
A: vile attack, torment immunity, no potions, almost no armour, amphibious, 8
rings, camouflage 1, dopey 2, low MP 2, gelatinous body 1, hated by all, no fire
magic, no hexes magic, no summoning magic, unskilled 1, temperature sensitive,
(nimble swimmer 1), tentacles, frail 1, strong-willed 1, inability to drink
after injury 1
}: 10/15 runes: decaying, slimy, silver, abyssal, demonic, glowing, magical,
fiery, dark, gossamer
a: Siphon Essence, Begin Untransformation, Renounce Religion, Evoke Blink, Draw
Out Power, Power Leap, Apocalypse


You were on level 21 of a ziggurat.
You worshipped Ru.
Ru was exalted by your worship.
You were an undying horror.
You visited 13 branches of the dungeon, and saw 57 of its levels.
You visited Pandemonium 1 time, and saw 17 of its levels.
You visited the Abyss 1 time.
You visited 1 ziggurat, and saw 21 of its levels.
You also visited: Trove, Ossuary, Gauntlet and Ice Cave.

You collected 14898 gold pieces.
You spent 6982 gold pieces at shops.

Inventory:

Hand Weapons
 b - the +12 sling of the Original Sin {heavy, *Corrode rF++}
   (You found it on level 3 of the Depths)

   rF:        It greatly protects you from fire.
   *Corrode:  It may corrode you when you take damage.
Missiles
 c - 4 throwing nets
 q - 7 silver javelins
 E - 13 silver boomerangs (quivered)
 L - 9 javelins
 R - 15 boomerangs of dispersal
Armour
 l - the +2 hat of Defence (worn) {rF+ Will+ Regen+ SInv}
   (You found it in a Gauntlet)

   rF:        It protects you from fire.
   SInv:      It lets you see invisible.
   Regen:     It increases your rate of health regeneration.
   Will:      It increases your willpower.
 X - a +3 buckler of protection (worn)
Jewellery
 f - a +6 ring of strength (left tentacle)
 g - a ring of protection from fire (on tentacle)
 j - the ring "Hat Pext" {rN+ rCorr Slay+3 Stlth+}
   (You found it on level 3 of the Crypt)

   [ring of positive energy]

   Slay:      It affects your accuracy & damage with ranged weapons and melee
   (+3).
   rN:        It protects you from negative energy.
   rCorr:     It protects you from acid and corrosion.
   Stlth:     It makes you more stealthy.
 o - the ring "Zicuvamm" (right tentacle) {rN++ rCorr Stlth+}
   (You found it on level 12 of a ziggurat)

   [ring of resist corrosion]

   rN:        It greatly protects you from negative energy.
   rCorr:     It protects you from acid and corrosion.
   Stlth:     It makes you more stealthy.
 p - the ring "Kul Li Suarch" (on tentacle) {rPois rF+ Will+ AC+4}
   (You found it on level 8 of a ziggurat)

   [ring of protection]

   AC:        It affects your AC (+4).
   rF:        It protects you from fire.
   rPois:     It protects you from poison.
   Will:      It increases your willpower.
 v - the ring of the Fresh God {*Slow Fly rC++ rN+ Str+3}
   (You found it on level 3 of the Crypt)

   [ring of positive energy]

   Str:       It affects your strength (+3).
   rC:        It greatly protects you from cold.
   rN:        It protects you from negative energy.
   Fly:       It grants you flight.
   *Slow:     It may slow you when you take damage.
 y - the ring of Azim Caal (on tentacle) {Wiz +Blink rC+ Stlth+}
   (You found it on level 20 of a ziggurat)

   [ring of wizardry]

   It improves your spell success rate.
   rC:        It protects you from cold.
   +Blink:    It lets you blink.
   Stlth:     It makes you more stealthy.
 z - the ring "Ameqady" {Fly rF++ rN+ MP+9 Dex-5}
   (You found it on level 14 of a ziggurat)

   [ring of flight]

   Dex:       It affects your dexterity (-5).
   rF:        It greatly protects you from fire.
   rN:        It protects you from negative energy.
   MP:        It affects your magic capacity (+9).
   Fly:       It grants you flight.
 A - the ring of Tender Moments {Fly rElec Will- rCorr Str+3}
   (You found it in Pandemonium)

   [ring of resist corrosion]

   Str:       It affects your strength (+3).
   rElec:     It insulates you from electricity.
   Fly:       It grants you flight.
   rCorr:     It protects you from acid and corrosion.
   Will:      It decreases your willpower.
 B - the ring "Basmum" (on tentacle) {Wiz rC+ Dex+3}
   (You found it in a Gauntlet)

   [ring of wizardry]

   It improves your spell success rate.
   Dex:       It affects your dexterity (+3).
   rC:        It protects you from cold.
 C - a +6 ring of intelligence
 I - a +4 ring of protection (on tentacle)
 K - a +4 ring of protection (on tentacle)
 O - a ring of protection from cold
 S - the ring "Goodo" {Dex+3 SInv}
   (You found it on level 9 of a ziggurat)

   [ring of see invisible]

   Dex:       It affects your dexterity (+3).
   SInv:      It lets you see invisible.
 W - the amulet of the Four Winds (around mantle) {rN+ Will+++ Clar}
   (You found it on level 20 of a ziggurat)

   [amulet of nothing]

   rN:        It protects you from negative energy.
   Clar:      It protects you from confusion, rage, mesmerisation and fear.
   Will:      It greatly increases your willpower.
Talismans
 h - a storm talisman
 t - a talisman of death
 Q - a maw talisman
Wands
 a - a wand of light (99)
 d - a wand of roots (104)
 P - a wand of digging (30)
Scrolls
 i - 14 scrolls of blinking
 k - 5 scrolls of silence
 m - 49 scrolls of teleportation
 x - 15 scrolls of fog
 Y - 14 scrolls of revelation
Potions
 e - 8 potions of mutation
 n - 11 potions of might
 r - 16 potions of heal wounds
 u - 9 potions of lignification
 w - 8 potions of enlightenment
 D - 11 potions of haste
 F - 8 potions of ambrosia
 G - 11 potions of attraction
 H - 8 potions of invisibility
 J - 14 potions of magic
 N - 10 potions of curing
 T - 3 potions of resistance
 Z - 5 potions of cancellation
Miscellaneous
 V - a phial of floods


   Skills:
 - Level 26.1 Fighting
 - Level 10.0 Ranged Weapons
 * Level 7.9 Throwing
 - Level 24.9 Dodging
 - Level 6.0 Stealth
 - Level 6.0 Shields
 - Level 24.9 Unarmed Combat
 - Level 6.0 Spellcasting
 + Level 9.9 Translocations
 - Level 6.0 Transmutations
 - Level 8.0 Ice Magic
 - Level 6.0 Air Magic
 - Level 3.0 Earth Magic
 - Level 16.0 Evocations
 - Level 23.6 Shapeshifting


You had 16 spell levels left.
You knew the following spells:

 Your Spells              Type           Power      Damage    Failure   Level
a - Apportation           Tloc           36%        N/A       1%          1
b - Wereblood             Tmut           12%        N/A       1%          2
c - Ozocubu's Armour      Ice            15%        N/A       1%          3
d - Blink                 Tloc           36%        N/A       1%          2
e - Swiftness             Air            12%        N/A       1%          3
f - Lesser Beckoning      Tloc           36%        N/A       1%          2
g - Passwall              Tmut/Erth      7%         N/A       1%          2
h - Vhi's Electric Charg  Tloc/Air       30%        N/A       1%          3
i - Passage of Golubria   Tloc           18%        N/A       1%          4

Your spell library contained the following spells:

 Spells                   Type           Power      Damage    Failure   Level
 Freeze                   Ice            60%        1d7       1%          1
 Momentum Strike          Conj/Tloc      20%        3d8       1%          2
 Frozen Ramparts          Ice            30%        1d5       1%          3
 Gell's Gravitas          Tloc           18%        N/A       1%          3
 Teleport Other           Tloc           18%        N/A       1%          3
 Manifold Assault         Tloc           18%        N/A       1%          4
 Sandblast                Erth           14%        2d6       2%          1
 Shock                    Conj/Air       28%        1d4       2%          1
 Sting                    Tmut/Pois      28%        1d4       2%          1
 Poisonous Vapours        Pois/Air       14%        N/A       3%          2
 Static Discharge         Conj/Air       14%        2-3/arc   3%          2
 Hailstorm                Conj/Ice       8%         3d4       4%          3
 Cigotuvi's Dreadful Rot  Necr/Pois/Air  10%        N/A       5%          2
 Airstrike                Air            6%         2d(1-17)  7%          4
 Kiss of Death            Conj/Necr      8%         2d6       8%          1
 Magic Dart               Conj           8%         1d3       8%          1
 Necrotise                Necr           8%         1d4       8%          1
 Searing Ray              Conj           4%         2d4       11%         2
 Sublimation of Blood     Necr           2%         N/A       11%         2
 Mephitic Cloud           Conj/Pois/Air  5%         N/A       11%         3
 Iskenderun's Mystic Bla  Conj/Tloc      10%        2d4       11%         4
 Stone Arrow              Conj/Erth      8%         3d7       12%         3
 Petrify                  Tmut/Erth      9%         N/A       12%         4
 Dispersal                Tloc           9%         N/A       19%         6
 Vampiric Draining        Necr           2%         2d6       21%         3
 Freezing Cloud           Conj/Ice/Air   4%         6-21      28%         5
 Alistair's Intoxication  Tmut/Pois      4%         N/A       47%         5
 Arcjolt                  Conj/Air       3%         1d13      47%         5
 Irradiate                Conj/Tmut      3%         3d12      47%         5
 Lee's Rapid Deconstruct  Erth           3%         3d5*      47%         5
 Dispel Undead            Necr           2%         3d7       54%         4
 Olgreb's Toxic Radiance  Pois           2%         N/A       54%         4
 Borgnjor's Vile Clutch   Necr/Erth      2%         N/A       67%         5
 Agony                    Necr           2%         N/A       86%         5
 Iskenderun's Battlesphe  Conj           2%         2d6       86%         5
 Ozocubu's Refrigeration  Ice            7%         4d9       88%         7
 Conjure Ball Lightning   Conj/Air       3%         3x3d6     95%         6
 Eringya's Noxious Bog    Tmut/Pois      3%         4d6       95%         6
 Leda's Unmaking          Conj/Erth      2%         9d1       99%         6
 Disjunction              Tloc           9%         N/A       99%         8
 Orb of Destruction       Conj           1%         9d5       100%        7
 Maxwell's Capacitive Co  Air            6%         ∞         100%        8
 Chain Lightning          Conj/Air       3%         3d4       100%        9
 Death's Door             Necr           1%         N/A       100%        9
 Polar Vortex             Ice            7%         12d1*     100%        9
 Shatter                  Erth           3%         3d7*      100%        9
 Portal Projectile        Hex/Tloc       Unusable   N/A       N/A         3
 Foxfire                  Conj/Fire      Unusable   2x1d4     N/A         1
 Slow                     Hex            Unusable   N/A       N/A         1
 Summon Small Mammal      Summ           Unusable   N/A       N/A         1
 Call Imp                 Summ           Unusable   N/A       N/A         2
 Scorch                   Fire           Unusable   2d5       N/A         2
 Ignite Poison            Fire/Tmut/Pois Unusable   N/A       N/A         3
 Summon Ice Beast         Ice/Summ       Unusable   N/A       N/A         4
 Confusing Touch          Hex            Unusable   N/A       N/A         3
 Dazzling Flash           Conj/Hex       Unusable   N/A       N/A         3
 Inner Flame              Hex/Fire       Unusable   N/A       N/A         3
 Summon Guardian Golem    Hex/Summ       Unusable   N/A       N/A         3
 Tukima's Dance           Hex            Unusable   N/A       N/A         3
 Summon Lightning Spire   Summ/Air       Unusable   N/A       N/A         4
 Summon Forest            Summ/Tloc      Unusable   N/A       N/A         5
 Animate Armour           Summ/Erth      Unusable   N/A       N/A         4
 Leda's Liquefaction      Hex/Erth       Unusable   N/A       N/A         4
 Yara's Violent Unravell  Hex/Tmut       Unusable   3d4       N/A         5
 Anguish                  Hex/Necr       Unusable   N/A       N/A         4
 Animate Dead             Necr           Unusable   N/A       N/A         4
 Cause Fear               Hex            Unusable   N/A       N/A         4
 Flame Wave               Conj/Fire      Unusable   2d4       N/A         4
 Fulminant Prism          Conj/Hex       Unusable   3d5       N/A         4
 Fireball                 Conj/Fire      Unusable   3d3       N/A         5
 Simulacrum               Ice/Necr       Unusable   N/A       N/A         6
 Death Channel            Necr           Unusable   N/A       N/A         6
 Summon Cactus Giant      Summ           Unusable   N/A       N/A         6
 Enfeeble                 Hex            Unusable   N/A       N/A         7
 Haunt                    Necr/Summ      Unusable   N/A       N/A         7
 Monstrous Menagerie      Summ           Unusable   N/A       N/A         7
 Spellforged Servitor     Conj/Summ      Unusable   N/A       N/A         7
 Summon Hydra             Summ           Unusable   N/A       N/A         7
 Discord                  Hex            Unusable   N/A       N/A         8
 Infestation              Necr           Unusable   N/A       N/A         8
 Dragon's Call            Summ           Unusable   N/A       N/A         9
 Fire Storm               Conj/Fire      Unusable   7d1       N/A         9

Dungeon Overview and Level Annotations

Branches:
Dungeon (15/15)            Temple (1/1) D:5            Lair (5/5) D:8
  Swamp (4/4) Lair:3       Spider (4/4) Lair:3        Slime (5/5) Lair:5
    Orc (2/2) D:11            Elf (3/3) Orc:2        Vaults (5/5) D:13
  Crypt (3/3) Vaults:2       Tomb (0/3) Crypt:3      Depths (4/4) D:15
   Hell (visited)             Dis (0/7) Hell            Geh (0/7) Hell
    Coc (0/7) Hell            Tar (0/7) Hell            Zot (5/5) Depths:4
Ossuary (visited)           IceCv (visited)         Gauntlet (visited)

Altars:
Ashenzari
Cheibriados
Dithmenos
Elyvilon
Gozag
Kikubaaqudgha
Makhleb
Nemelex Xobeh
Okawaru
Qazlal
Ru
Sif Muna
Trog
Uskayaw
Vehumet
Wu Jian
Xom
Zin
The Shining One

Shops:
D:3 ?   D:6 *   D:11 (   D:12 *   D:13 (   Orc:2 :=?=   Elf:1 !?[   Elf:3 [
Vaults:2 ([[:   Vaults:3 (   Depths:1 *   Depths:2 *=(

Portals:
Hell: Depths:1 Depths:2 Depths:3 Depths:4
Abyss: Depths:3
Pandemonium: Depths:2

Annotations:
D:12 Rupert


Innate Abilities, Weirdness & Mutations

You are an undying horror.
Your melee and unarmed attacks drain, slow and weaken victims.
You are immune to unholy pain and torment.
You cannot drink.
You are immune to poison.
You cannot wear most types of armour.
You are amphibious.
You can wear up to eight rings at the same time.
Your skin changes colour to match your surroundings (Stealth+).
You are very dopey. (Int -4)
Your magical capacity is very low. (-20% MP)
Your rubbery body absorbs attacks. (AC +1, EV +1)
You are hated by all.
You cannot study or cast Fire magic.
You cannot study or cast Hexes magic.
You cannot study or cast Summoning magic.
You are somewhat unskilled. (-1 Apt)
You are sensitive to extremes of temperature. (rF-, rC-)
((You are camouflaged when in or above water. (Stealth+)))
You have tentacles for arms and can constrict up to eight enemies at once.
You are frail. (-10% HP)
You are strong-willed. (Will+)
You occasionally lose the ability to drink potions when taking damage.


Message History

The Ice Fiend is almost dead.
A hellion comes into view.
You tentacle-slap the Ice Fiend.
The Ice Fiend decays.
You squeeze the Ice Fiend, but do no damage.
The Ice Fiend is almost dead.
A Tzitzimitl comes into view.
The demonspawn corrupter calls forth creatures from the Tomb of the Ancients!
The hellion gestures at you.
The sphere of damnation explodes!
The damnation engulfs you!!
You feel threatened and lose the ability to drink potions!
* * * LOW HITPOINT WARNING * * *
The damnation engulfs the Ice Fiend!!
The Ice Fiend dies!
You hear a chilling moan.
You hear a shout!
Aiming: Bolt of Light
Press: ? - help, Shift-Dir - straight line, f - demonspawn corrupter
Aim: a demonspawn corrupter, wielding a +0 demon trident of draining and wearing a +0 leather armour (grey smoke, strong, 60% to hit)
The bolt of light hits the demonspawn corrupter!!
The demonspawn corrupter is moderately wounded.
The demonspawn corrupter is blinded.
You block the demonspawn corrupter's attack.
Aiming: Fastroot
Press: ? - help, Shift-Dir - straight line, f/p - demonspawn corrupter
Aim: a demonspawn corrupter, wielding a +0 demon trident of draining and wearing a +0 leather armour (grey smoke, moderately wounded, strong, blind)
The roots erupt in riotous growth!
Roots grab the demonspawn corrupter.
The grasping roots constrict the demonspawn corrupter!
The demonspawn corrupter struggles to escape constriction.
The roots lose their grip on something.
An Executioner, a demonspawn blood saint and a demonspawn warmonger come into view.
The demonspawn warmonger is wielding a +4 heavy dire flail.
Blink to where?
Press: ? - help, Dir - move target, p - demonspawn corrupter A smoke demon comes into view.
As you read the scroll of blinking, it crumbles to dust.
A cacodemon comes into view.
The demonspawn warmonger begins to pray, but is stunned by your conviction!
The hellion gestures at you.
The sphere of damnation explodes!
The damnation engulfs you!!
You die...

▓▓▓▓▓▓▓▓▓▓▓.1.6...
▓§..3M§§...1..1..6
▓..)§1.§2..61#
▓.§§§.6.6..)## ...
▓.62X.......##....
▓.§..1............
▓........1........
▓∩.......2.......2
▓z.....3..........
▓.................
▓...........##....
▓...........# #...
▓............# ...
▓..............
▓▓▓▓▓▓▓▓▓▓▓....


You could see a demonspawn warmonger (agile), a Tzitzimitl (agile), a cacodemon,
a demonspawn blood saint, a demonspawn corrupter (wandering, strong, blind), an
Executioner (agile), a mummy priest (summoned, wandering), a large abomination
(resistant), a smoke demon and a hellion (fast).

Vanquished Creatures
  Cerebov (Pan)
  the Royal Jelly (Slime:5)
  Lom Lobon (Pan)
  A seraph (Pan)
  Gloorx Vloq (Pan)
  Mnoleg (Pan)
  The ghost of Ytolar the Conqueror, a legendary DsFi of Jiyva (Zot:2)
  10 dread liches
  8 ancient liches
  4 orbs of fire
  Mara (Vaults:5)
  4 juggernauts
  Vv (Zot:1)
  3 shard shrikes (Zig:15)
  9 pandemonium lords
  3 curse toes
  Bai Suzhen (Depths:2)
  Saint Roka (Elf:3)
  3 caustic shrikes (Depths:3)
  13 Killer Klowns
  Geryon (Hell)
  14 golden dragons
  A profane servitor (Zig:12)
  The ghost of pyrow613 the Executioner, an adept DgFi (Depths:2)
  The ghost of Katt the Executioner, an adept MiFi of the Shining One (Crypt:3)
  3 pearl dragons
  2 bone dragons
  Arachne (Spider:2)
  2 shard shrike zombies
  3 Brimstone Fiends
  Jorgrun (D:15)
  2 Tzitzimimeh
  Zenata (Elf:1)
  10 Ice Fiends
  A hellephant (Pan)
  25 Orb Guardians (Zot:5)
  A Hell Sentinel (Pan)
  9 liches
  The ghost of Joll the Tortoise, an adept FoRe of Jiyva (Vaults:3)
  24 tentacled monstrosities
  15 acid blobs
  4 electric golems
  A walking earthen tome (Depths:4)
  The ghost of Oxzixom the Wrestler, an adept TrBe of Trog (Swamp:3)
  6 deep elf blademasters
  A walking frostbound tome (Depths:3)
  6 titans
  Murray (Depths:1)
  4 searing wretches (Hell)
  14 death cobs
  7 deep elf master archers
  8 quicksilver dragons
  A quicksilver dragon (shapeshifter) (Zig:14)
  24 Executioners
  Frances (Swamp:1)
  11 sphinxes
  An eldritch tentacle (Pan)
  12 ancient champions
  A sphinx (shapeshifter) (Zig:14)
  2 tentacled starspawn (Abyss:1)
  Agnes (Spider:2)
  7 shadow dragons
  Kirke (Lair:3)
  A draconian monk (Zot:1)
  8 tengu reavers
  A fenstrider witch (Zig:19)
  23 storm dragons
  19 daevas (Pan)
  6 revenants
  7 azure jellies
  10 fire giants
  A frost giant (shapeshifter) (Depths:3)
  6 draconian knights
  4 nagarajas (Zig:16)
  5 demonspawn warmongers (Pan)
  8 rockslimes
  8 emperor scorpions
  3 iron dragons
  2 narguns (Zig:15)
  14 frost giants
  10 draconian scorchers
  6 deep elf elementalists
  2 deep elf sorcerers
  22 balrugs
  14 ghouls
  6 curse skulls
  19 ghost moths
  6 draconian shifters
  Louise (Elf:1)
  3 orc warlords
  A spectral caustic shrike (Depths:2)
  A spectral juggernaut (Depths:2)
  20 vault wardens
  25 angels (Pan)
  4 demonspawn blood saints
  8 draconian annihilators
  4 broodmothers
  6 draconian stormcallers
  7 reapers
  6 formless jellyfish
  A demonspawn corrupter (Pan)
  38 very ugly things
  18 cacodemons
  10 deep elf demonologists
  6 war gargoyles
  7 ironbound thunderhulks
  20 ironbound preservers
  2 demonspawn black suns (Pan)
  A broodmother (shapeshifter) (Depths:3)
  13 stone giants
  11 ophanim (Pan)
  17 quicksilver oozes
  18 vampire knights
  7 eleionomae
  5 lorocyprocas (Pan)
  12 green draconians
  22 apis (Pan)
  6 deep elf annihilators
  23 red draconians
  7 bunyips
  A dire elephant (shapeshifter) (Zig:14)
  10 purple draconians
  15 white draconians
  11 black draconians
  A yellow draconian (shapeshifter) (Zot:4)
  13 dire elephants
  A minotaur (Gauntlet)
  6 wendigos
  12 spark wasps
  12 yellow draconians
  3 merfolk javelineers (Zig:18)
  Snorg (Lair:3)
  11 eidola
  21 deep elf death magi
  9 green deaths
  8 blizzard demons
  16 ettins
  5 shambling mangroves
  Josephine (D:12)
  11 entropy weavers
  2 spectral golden dragons (Depths:2)
  13 fire dragons
  12 great orbs of eyes
  4 crystal guardians
  18 jiangshi
  6 mummy priests
  2 merfolk impalers (Zig:18)
  10 deep elf high priests
  An entropy weaver (shapeshifter) (D:14)
  2 great orbs of eyes (shapeshifter)
  A spectral tengu (Depths:2)
  Fannar (Orc:1)
  14 yaktaur captains
  9 rakshasas
  A peacekeeper (Vaults:2)
  38 vault guards
  13 hydras
  A fenstrider witch zombie (Abyss:2)
  2 alligator snapping turtles (Zig:18)
  A quicksilver dragon skeleton (Crypt:3)
  7 spriggan air magi
  5 catoblepae (Lair:5)
  5 ghost crabs
  A caustic shrike simulacrum (Depths:2)
  5 salamander tyrants (Zig:16)
  3 radroaches
  A stoker (Hell)
  18 ice dragons
  A merfolk avatar (Zig:18)
  2 satyrs (Zig:18)
  12 boulder beetles
  15 ironbound frosthearts
  4 ogre magi
  4 merfolk aquamancers (Zig:18)
  4 jorogumos
  16 two-headed ogres
  3 spriggan skeletons
  22 centaur warriors
  2 anacondas (shapeshifter)
  3 death knights
  Erica (D:9)
  6 tengu warriors
  14 alligators
  A death scarab (Zig:7)
  24 vampire magi
  12 death yaks
  15 demonic crawlers
  31 dancing weapons
  A quicksilver ooze zombie (Crypt:3)
  5 hell hogs
  7 deep troll shamans
  8 orc high priests
  4 thrashing horrors
  2 naga warriors (Zig:16)
  5 deep troll earth magi
  25 soul eaters
  7 shock serpents
  4 spriggan berserkers
  5 naga sharpshooters (Zig:16)
  3 titan skeletons
  25 deep elf knights
  The ghost of Shard1697 the Cleaver, a novice MeBe of Trog (D:6)
  A fire crab (shapeshifter) (Elf:1)
  13 shadow wraiths
  44 sun demons
  4 wretched stars
  24 hell knights
  A crystal echidna (Zig:2)
  Amaemon (D:9)
  11 pharaoh ants
  3 sun moths
  8 goliath frogs
  9 sixfirhies
  20 skeletal warriors
  70 deep trolls
  An anaconda zombie (Hell)
  4 death drakes
  7 iron trolls
  4 sea snakes (Zig:18)
  8 spriggan druids
  6 swamp dragons
  6 shadow demons
  5 orange crystal statues
  13 cherubim (Pan)
  20 orb spiders
  2 glowing orange brains (shapeshifter)
  12 flayed ghosts
  A bunyip skeleton (Pan)
  37 ironbound convokers
  23 deep elf archers
  7 glowing orange brains
  7 bog bodies
  11 harpies (Zig:18)
  A shadow dragon zombie (Crypt:1)
  18 phantasmal warriors
  14 wizards
  An iron giant skeleton (Crypt:2)
  2 obsidian statues (Zig:4)
  8 steelbarb worms
  8 necromancers
  A lindwurm (shapeshifter) (Vaults:4)
  A jorogumo zombie (Crypt:1)
  2 naga ritualists (Zig:16)
  3 starcursed masses (Abyss:1)
  42 deep elf pyromancers
  31 deep elf zephyrmancers
  An eleionoma zombie (Crypt:1)
  6 orc knights
  9 lindwurms
  5 orc sorcerers
  31 wolf spiders
  A fire giant zombie (Vaults:2)
  3 cyclopes (D:15)
  A shadow dragon skeleton (Crypt:3)
  4 fauns (Zig:18)
  10 manticores
  A sphinx skeleton (Crypt:3)
  46 ugly things
  A stone giant zombie (Vaults:2)
  3 mana vipers (Zig:16)
  2 shining eyes (shapeshifter)
  5 will-o-the-wisps
  31 moths of wrath
  A human skeleton (Vaults:2)
  2 worldbinders (Abyss:1)
  8 shining eyes
  A salamander (Zig:16)
  An iron dragon skeleton (Pan)
  9 elephants (Lair:4)
  6 guardian serpents
  3 naga magi (Zig:16)
  An eye of devastation (Slime:4)
  A guardian serpent (shapeshifter) (Abyss:3)
  2 apocalypse crabs
  A dire elephant zombie (Crypt:3)
  A frost giant skeleton (Zig:8)
  15 black mambas
  3 merfolk sirens (Zig:18)
  A shock serpent zombie (Crypt:3)
  A cane toad (shapeshifter) (Depths:2)
  10 rust devils
  17 orange demons
  21 smoke demons
  A titan simulacrum (Depths:2)
  31 large abominations
  A gargoyle (D:12)
  An alligator snapping turtle zombie (Crypt:1)
  15 vault sentinels
  5 cane toads
  3 ice statues
  3 water nymphs (Zig:18)
  4 torpor snails
  17 hellions
  2 sea snake zombies (Hell)
  17 rime drakes
  A centaur skeleton (Pan)
  5 efreet
  15 unseen horrors
  9 komodo dragons
  The ghost of Midn8 the Conjurer, a novice OpCj of Yredelemnul (D:5)
  Maggie (D:7)
  A shock serpent skeleton (Crypt:1)
  3 kobold demonologists
  14 freezing wraiths
  9 guardian mummies
  20 yaktaurs
  3 ice devils
  7 tormentors
  2 tengu conjurers
  An ancient zyme (Zig:5)
  An iron giant simulacrum (Crypt:3)
  3 harpy zombies
  2 meliai (shapeshifter)
  7 red devils
  A tengu simulacrum (Vaults:2)
  7 tyrant leeches
  A yaktaur skeleton (Vaults:2)
  15 merfolk (Zig:18)
  7 hellwings (Pan)
  5 meliai
  A polar bear (shapeshifter) (D:15)
  A queen bee (shapeshifter) (D:15)
  11 trolls
  A hydra zombie (Hell)
  A raiju (shapeshifter) (Abyss:3)
  43 tarantellas
  A wind drake (Zig:18)
  29 hornets
  16 blink frogs
  A radroach zombie (Crypt:2)
  A tyrant leech (shapeshifter) (Abyss:3)
  2 hydra skeletons
  An alligator zombie (Hell)
  5 harpy skeletons
  Grinder (D:6)
  3 dream sheep (Lair:1)
  17 raiju
  2 spectral black mambas (Lair:4)
  20 polar bears
  7 snapping turtles (Zig:18)
  A guardian serpent skeleton (Crypt:2)
  7 flying skulls
  61 slime creatures
  32 jumping spiders
  9 air elementals
  37 culicivoras
  A slime creature (shapeshifter) (Abyss:3)
  15 spriggans
  10 water elementals
  3 dire elephant simulacra (Swamp:1)
  29 ynoxinuls
  4 fire elementals
  11 wraiths
  7 small abominations
  49 yaks
  A vampire (Crypt:3)
  2 wyverns
  A naga simulacrum (Abyss:2)
  A human (Lair:3)
  A yak (shapeshifter) (Abyss:2)
  A spectral fire crab (Lair:4)
  4 ushabtiu
  12 fire bats
  A golden eye (shapeshifter) (Elf:1)
  3 hogs
  58 redbacks
  2 basilisks
  A steam dragon (shapeshifter) (Abyss:1)
  A death yak simulacrum (Lair:4)
  9 golden eyes
  8 chaos spawn
  5 swamp worm simulacra (Swamp:4)
  4 vampire mosquitoes (Swamp:3)
  17 neqoxecs
  3 wargs
  A wind drake skeleton (Crypt:2)
  15 swamp worms
  Menkaure (D:7)
  A naga (shapeshifter) (Depths:3)
  A deep troll zombie (Crypt:2)
  A demonspawn zombie (Crypt:3)
  2 nagas (Zig:16)
  9 water moccasins
  A floating eye (shapeshifter) (Vaults:4)
  A glowing shapeshifter skeleton (Zig:7)
  14 hydra simulacra
  A demonspawn skeleton (Pan)
  3 floating eyes
  A swamp drake (Swamp:1)
  A naga skeleton (Abyss:2)
  2 sky beasts
  A swamp drake (shapeshifter) (Vaults:5)
  46 orc warriors
  5 ice beasts
  6 black bears
  17 wolves
  An alligator simulacrum (Swamp:1)
  A tengu (shapeshifter) (Depths:3)
  An ettin simulacrum (Crypt:3)
  7 centaurs
  14 ogres
  10 boggarts
  2 kobold brigands (D:9)
  A phantom (D:4)
  7 elf zombies
  A vine stalker zombie (Crypt:3)
  18 bullfrogs
  A gnoll sergeant (D:9)
  5 scorpions
  2 glowing shapeshifter simulacra
  5 necrophages
  2 cane toad simulacra (Lair:4)
  An elf skeleton (Crypt:3)
  3 deep troll simulacra (Swamp:1)
  6 earth elementals
  8 wights (D:6)
  A lindwurm simulacrum (Swamp:1)
  A troll zombie (Crypt:3)
  9 killer bees
  An electric eel (Lair:3)
  4 howler monkeys
  2 centaur zombies
  8 crimson imps (Pan)
  2 hounds
  2 quasits
  18 jellies
  32 orc priests
  A basilisk skeleton (Crypt:2)
  2 human zombies (Ossuary)
  A sleepcap (D:6)
  2 gnoll boudas
  A boggart zombie (Crypt:2)
  4 iguanas
  27 orc wizards
  A lightning spire (Zot:1)
  4 hell rats (Lair:5)
  An acid dragon zombie (Crypt:1)
  A bullfrog simulacrum (D:6)
  3 centaur simulacra
  21 mummies
  A killer bee simulacrum (D:6)
  10 adders
  30 gnolls
  A shadow imp (D:5)
  9 white imps
  5 ufetubi
  3 swamp drake simulacra (Swamp:4)
  2 adder zombies (Ossuary)
  A worm (D:3)
  5 dart slugs
  78 orcs
  5 ball pythons
  8 bats
  10 endoplasms
  5 giant cockroaches
  8 goblins
  7 hobgoblins
  9 jackals
  19 kobolds
  4 quokkas
  3 frilled lizards
  A goblin zombie (Ossuary)
  8 hobgoblin zombies (Ossuary)
  A jackal zombie (Ossuary)
  11 kobold zombies (Ossuary)
  7 orc zombies
  6 rats
  2 rat zombies (Crypt:3)
  A river rat skeleton (Crypt:2)
  A river rat zombie (Crypt:3)
  2 creeping infernos (Hell)
  7 fire vortices (Hell)
  A lurking horror (Abyss:3)
3743 creatures vanquished.

Vanquished Creatures (others)
  A dread lich (Zig:12)
  An electric golem (Zot:1)
  An Ice Fiend (Zig:21)
  2 tentacled monstrosities (Zot:1)
  A quicksilver dragon (Zot:5)
  An acid blob (Slime:5)
  An ancient champion (Crypt:3)
  A draconian stormcaller (Zot:3)
  2 ghost moths (Spider:4)
  An angel (Pan)
  A very ugly thing (Pan)
  A broodmother (Spider:2)
  A vampire knight (Depths:2)
  2 stone giants
  An apis (Pan)
  A black draconian (Zot:2)
  A deep elf demonologist (Zig:10)
  A yellow draconian (Zot:5)
  A green death (Zig:19)
  A mummy priest (Zig:7)
  3 yaktaur captains
  The ghost of spardeous the Nimble, a journeyman FeEE of Gozag (Lair:4)
  A hydra (D:12)
  An ice dragon (Depths:3)
  A vault guard (Vaults:2)
  An alligator (Swamp:4)
  A thrashing horror (Abyss:3)
  A dancing weapon (Zig:17)
  A naga sharpshooter (Zig:16)
  A vampire mage (Zig:12)
  A cherub (Pan)
  A goliath frog (Zig:19)
  2 deep trolls
  A wizard (Pan)
  A harpy (Zig:18)
  2 moths of wrath
  2 vault sentinels
  A smoke demon (Depths:4)
  A komodo dragon (D:10)
  2 yaktaurs (Vaults:5)
  3 bloated husks
  A hellwing (Pan)
  A merfolk (Zig:18)
  A frost giant simulacrum (Depths:1)
  A spriggan (Swamp:1)
  3 humans (Lair:3)
  2 golden eyes (Pan)
  A neqoxec (Pan)
  A swamp worm (Swamp:3)
  A floating eye (shapeshifter) (Zig:14)
  An orc warrior (Vaults:2)
  A centaur (D:9)
  3 orcs
  A butterfly (Zot:4)
  A fire vortex (Hell)
  12 foxfires
  A lurking horror (Abyss:3)
  2 starspawn tentacles (Abyss:1)
86 creatures vanquished.

Grand Total: 3829 creatures vanquished

Notes
Turn   | Place    | Note
-------+----------+-------------------------------------------
     0 | D:1      | juan097 the Octopode Shapeshifter began the quest for the
                  | Orb.
     0 | D:1      | Reached XP level 1. HP: 14/14 MP: 1/1
    87 | D:1      | Reached XP level 2. HP: 19/19 MP: 2/2
   100 | D:1      | Reached skill level 1 in Stealth
   332 | D:1      | Reached XP level 3. HP: 19/24 MP: 3/3
   383 | D:1      | You fall into a shaft and drop 1 floor!
   520 | D:2      | Reached XP level 4. HP: 26/30 MP: 4/4
  1454 | D:2      | Reached XP level 5. HP: 36/36 MP: 5/5
  1950 | D:3      | Reached skill level 3 in Fighting
  2041 | D:3      | Found Raqamaig's Magic Scroll Shoppe.
  2047 | D:3      | Bought a scroll of noise for 10 gold pieces
  2321 | D:3      | Found a bloodstained altar of Trog.
  2475 | D:3      | Found a sacrificial altar of Ru.
  2976 | D:4      | Reached XP level 6. HP: 21/42 MP: 6/6
  3051 | D:4      | Reached skill level 1 in Ranged Weapons
  3190 | D:4      | Learned a level 1 spell: Apportation
  3190 | D:4      | Noticed a black bear
  3515 | D:4      | Reached XP level 7. HP: 47/47 MP: 7/7
  3931 | D:4      | Found a basalt altar of Yredelemnul.
  4257 | D:3      | Bought a scroll of blinking for 75 gold pieces
  4257 | D:3      | Bought a scroll of fear for 40 gold pieces
  4257 | D:3      | Bought a scroll of identify for 20 gold pieces
  4280 | D:5      | Entered Level 5 of the Dungeon
  4304 | D:5      | Found a runed translucent door.
  4372 | D:5      | Reached skill level 4 in Fighting
  4491 | D:3      | Became a worshipper of Ru the Awakened
  4586 | D:5      | Reached skill level 5 in Unarmed Combat
  4731 | D:5      | Found a staircase to the Ecumenical Temple.
  4744 | Temple   | Entered the Ecumenical Temple
  4828 | D:5      | Found a shimmering altar of Xom.
  5090 | D:5      | Reached XP level 8. HP: 54/54 MP: 8/8
  5145 | D:5      | Reached skill level 1 in Evocations
  5301 | D:5      | Found a radiant altar of Vehumet.
  5515 | D:5      | Noticed Midn8's ghost (novice OpCj)
  5561 | D:3      | Bought a scroll of fog for 40 gold pieces
  5862 | D:6      | Found a runed translucent gate.
  5862 | D:6      | Found a runed translucent gate.
  5862 | D:6      | Found a runed translucent gate.
  5918 | D:6      | Gained mutation: Your magical capacity is low. (-10% MP)
                  | [Ru sacrifice]
  6048 | D:6      | Noticed Shard1697's ghost (novice MeBe)
  6215 | D:6      | Noticed Grinder
  6219 | D:6      | Killed Grinder
  6220 | D:6      | Reached skill level 5 in Fighting
  6220 | D:6      | Reached skill level 5 in Dodging
  6220 | D:6      | Reached XP level 9. HP: 57/61 MP: 8/8
  6350 | D:6      | Identified the +6 shortbow "Ogrebane" {freeze, Str+2}
  6432 | D:6      | Found Jadidoq's Assorted Antiques.
  6765 | D:6      | Bought a scroll labelled VAQEASCHUSUW for 29 gold pieces
  6972 | D:6      | Reached skill level 5 in Shapeshifting
  7144 | D:3      | Bought a scroll of revelation for 75 gold pieces
  7144 | D:3      | Bought a scroll of teleportation for 30 gold pieces
  7279 | D:7      | Found a sand-covered staircase.
  7287 | Ossuary  | Entered an ossuary
  7701 | D:7      | Noticed Maggie
  7859 | D:7      | Found an iron altar of Okawaru.
  8097 | D:7      | Noticed Menkaure
  8101 | D:7      | Killed Menkaure
  8102 | D:7      | Reached skill level 6 in Fighting
  8282 | D:7      | Found an opulent altar of Gozag.
  8851 | D:8      | Reached XP level 10. HP: 68/68 MP: 9/9
  8858 | D:8      | Noticed a two-headed ogre
  8950 | D:8      | Killed a two-headed ogre
  8969 | D:8      | Found a staircase to the Lair.
  9091 | D:8      | Gained mutation: You cannot study or cast Fire magic. [Ru
                  | sacrifice]
  9091 | D:8      | Gained mutation: You cannot study or cast Hexes magic. [Ru
                  | sacrifice]
  9091 | D:8      | Gained mutation: You cannot study or cast Summoning magic.
                  | [Ru sacrifice]
  9091 | D:8      | Reached * piety under Ru
  9636 | Lair:1   | Entered Level 1 of the Lair of Beasts
  9742 | Lair:1   | Noticed a torpor snail
  9947 | Lair:1   | Noticed a cane toad
  9951 | Lair:1   | Killed a cane toad
  9952 | Lair:1   | Reached skill level 5 in Ranged Weapons
  9952 | Lair:1   | Reached skill level 5 in Evocations
  9989 | Lair:1   | Noticed a cane toad
  9997 | Lair:1   | Killed a cane toad
 10112 | Lair:1   | Noticed a black mamba
 10119 | Lair:1   | Killed a black mamba
 10120 | Lair:1   | Reached XP level 11. HP: 74/74 MP: 9/9
 10148 | Lair:1   | Reached skill level 7 in Fighting
 10214 | D:6      | Bought a brass ring for 145 gold pieces
 10304 | Lair:1   | Noticed a death yak
 12265 | Lair:2   | Reached skill level 8 in Fighting
 12267 | Lair:2   | Gained mutation: You are sensitive to extremes of
                  | temperature. (rF-, rC-) [Ru sacrifice]
 12267 | Lair:2   | Reached ** piety under Ru
 12267 | Lair:2   | Reached *** piety under Ru
 13003 | Lair:3   | Found a hole to the Spider Nest.
 13009 | Lair:3   | Reached skill level 10 in Unarmed Combat
 13009 | Lair:3   | Reached XP level 12. HP: 69/82 MP: 10/10
 13461 | Lair:3   | Noticed Kirke
 13496 | Lair:3   | Noticed Snorg
 13599 | Lair:3   | Found a staircase to the Swamp.
 13682 | Lair:3   | Noticed a fire dragon
 13904 | D:9      | Noticed a two-headed ogre
 13908 | D:9      | Killed a two-headed ogre
 13997 | D:9      | Noticed Amaemon
 14019 | D:9      | Killed Amaemon
 14263 | D:8      | Reached skill level 9 in Fighting
 14567 | D:9      | Reached skill level 1 in Throwing
 14571 | D:9      | HP: 4/85 [yak (16)]
 14865 | D:9      | Noticed Erica
 14878 | D:9      | Gained mutation: You are somewhat unskilled. (-1 Apt) [Ru
                  | sacrifice]
 14878 | D:9      | Reduced skill Fighting to level 8
 14878 | D:9      | Reduced skill Ranged Weapons to level 5
 14878 | D:9      | Reduced skill Evocations to level 5
 14878 | D:9      | Reached **** piety under Ru
 14878 | D:9      | Reached ***** piety under Ru
 15005 | D:9      | Identified a scroll of acquirement
 15131 | D:9      | Found a white marble altar of Elyvilon.
 15405 | D:10     | Entered Level 10 of the Dungeon
 16391 | D:11     | Found a staircase to the Orcish Mines.
 16406 | D:11     | Noticed a two-headed ogre
 16724 | D:11     | Noticed a two-headed ogre
 16732 | D:11     | Killed a two-headed ogre
 16753 | D:11     | Found Nofiez's Weapon Shop.
 16933 | D:11     | Noticed a two-headed ogre
 16949 | D:11     | Killed a two-headed ogre
 16962 | D:11     | Killed a two-headed ogre
 16963 | D:11     | Reached skill level 9 in Fighting
 16963 | D:11     | Reached XP level 13. HP: 90/90 MP: 11/11
 17066 | Orc:1    | Entered Level 1 of the Orcish Mines
 17433 | Orc:1    | Noticed Fannar
 17473 | Orc:2    | Entered Level 2 of the Orcish Mines
 17480 | Orc:1    | Gained mutation: Your magical capacity is very low. (-20%
                  | MP) [Ru sacrifice]
 17638 | Orc:2    | Found a staircase to the Elven Halls.
 18482 | Orc:2    | Found Anyetev's Jewellery Shop.
 18482 | Orc:2    | Found Marecvo's Jewellery Boutique.
 18488 | Orc:2    | Found Fuvy's Book Shop.
 18489 | Orc:2    | Found Cirroe's Magic Scroll Boutique.
 18822 | Orc:2    | Bought the ring "Bikhuxt" {*Slow Fly rPois rC+} for 331
                  | gold pieces
 18827 | Orc:2    | Bought a ring of protection from cold for 275 gold pieces
 18869 | Orc:1    | Killed Fannar
 19375 | Lair:1   | Reached skill level 10 in Fighting
 19375 | Lair:1   | Reached skill level 10 in Dodging
 19640 | Lair:3   | Killed Kirke
 20183 | Lair:3   | Killed Snorg
 21117 | Lair:4   | Found a gate leading to a gauntlet.
 21131 | Gauntlet | Entered a Gauntlet
 21131 | Gauntlet | Found a transporter.
 21179 | Gauntlet | Found a transporter.
 21196 | Gauntlet | Found a transporter.
 21200 | Gauntlet | Found a transporter.
 21202 | Gauntlet | Found a large runed translucent door.
 21203 | Gauntlet | Found a large runed translucent door.
 21204 | Gauntlet | Found a large runed translucent door.
 21204 | Gauntlet | Found a large runed translucent door.
 21204 | Gauntlet | Found a runed translucent door.
 21205 | Gauntlet | Found a large runed translucent door.
 21206 | Gauntlet | Found a large runed translucent door.
 21207 | Gauntlet | Found a large runed translucent door.
 21207 | Gauntlet | Found a large runed translucent door.
 21208 | Gauntlet | Found a runed translucent gate.
 21221 | Gauntlet | Found a transporter.
 21221 | Gauntlet | Found a runed translucent gate.
 21222 | Gauntlet | Found a runed translucent gate.
 21224 | Gauntlet | Found a large runed translucent door.
 21225 | Gauntlet | Found a large runed translucent door.
 21234 | Gauntlet | Found a transporter.
 21235 | Gauntlet | Found a large runed translucent door.
 21248 | Gauntlet | Found a transporter.
 21277 | Gauntlet | Found a transporter.
 21277 | Gauntlet | Found a transporter.
 21282 | Gauntlet | Found a transporter.
 21305 | Gauntlet | Found a transporter.
 21309 | Gauntlet | Found a transporter.
 21332 | Gauntlet | Found a large runed translucent door.
 21333 | Gauntlet | Found a large runed translucent door.
 21334 | Gauntlet | Found a large runed translucent door.
 21335 | Gauntlet | Found a runed translucent door.
 21335 | Gauntlet | Found a large runed translucent door.
 21336 | Gauntlet | Found a large runed translucent door.
 21422 | Gauntlet | Identified the +2 hat of Defence {rF+ Will+ Regen+ SInv}
 21495 | Gauntlet | Identified the ring "Basmum" {Wiz rC+ Dex+3}
 21518 | Gauntlet | Identified the +9 chain mail of Leapfrog {-Tele rF+ Str+2
                  | Int+3}
 21518 | Gauntlet | Identified the ring of Bobbeaf {Dex+2 Slay+4}
 21518 | Gauntlet | Noticed a minotaur
 21530 | Gauntlet | Killed a minotaur
 21531 | Gauntlet | Reached XP level 14. HP: 57/99 MP: 11/11
 21648 | Gauntlet | Identified the staff "Zekkumom" {rPois rF+ rN+ Str+2 Necro}
 21648 | Gauntlet | Identified the +0 robe of Akisee {Regen+ Stlth+}
 21737 | Lair:4   | Found a runed translucent gate.
 21737 | Lair:4   | Found a runed translucent gate.
 21738 | Lair:4   | Found a runed translucent gate.
 21928 | D:6      | Killed Shard1697's ghost
 22192 | D:5      | Killed Midn8's ghost
 22454 | D:7      | Reached skill level 5 in Stealth
 22490 | D:7      | Killed Maggie
 22698 | D:9      | Killed Erica
 23228 | Lair:4   | Identified the +3 quarterstaff of Momuh {flame, Fly Int+3}
 23406 | Lair:4   | Noticed spardeous's ghost (journeyman FeEE)
 23642 | Lair:5   | Entered Level 5 of the Lair of Beasts
 24568 | Lair:5   | Found a staircase to the Slime Pits.
 24610 | Lair:5   | Reached skill level 10 in Unarmed Combat
 25988 | Lair:5   | Reached skill level 11 in Fighting
 26149 | Lair:5   | Reached XP level 15. HP: 93/106 MP: 12/12
 26773 | D:12     | Noticed Josephine
 26802 | D:12     | Killed Josephine
 26833 | D:12     | Noticed Rupert
 26990 | D:12     | Found Himic's Assorted Antiques.
 27004 | D:12     | Bought a twisted wooden ring for 150 gold pieces
 28011 | D:12     | Reached skill level 10 in Shapeshifting
 28971 | D:13     | Found a gate to the Vaults.
 29143 | D:13     | Found Otsuara's Weapon Emporium.
 29561 | D:14     | Reached skill level 12 in Fighting
 29845 | D:14     | Found a white marble altar of Elyvilon.
 30083 | D:14     | Acquired 1231 gold pieces
 30085 | D:14     | Acquired a manual of Fighting
 30211 | Orc:2    | Bought a +4 ring of slaying for 1092 gold pieces
 30528 | D:15     | Entered Level 15 of the Dungeon
 30686 | D:15     | Noticed Jorgrun
 30755 | D:15     | Reached XP level 16. HP: 109/114 MP: 12/12
 30800 | D:15     | Found a staircase to the Depths.
 31115 | D:15     | Killed Jorgrun
 31217 | D:14     | Identified the +0 dagger of Qyibloun {protect, rC++ Str-2
                  | Dex+6}
 31813 | Spider:1 | Entered Level 1 of the Spider Nest
 31883 | Spider:1 | Reached skill level 13 in Fighting
 32141 | Spider:1 | Identified the +0 scale mail of the Sun {rPois Will+ Int-4}
 32278 | Spider:1 | Gained mutation: You are hated by all. [Ru sacrifice]
 32836 | Spider:2 | Reached skill level 5 in Throwing
 32875 | Spider:2 | Noticed Arachne
 32894 | Spider:2 | Killed Arachne
 32902 | Spider:2 | Noticed Agnes
 32990 | Spider:2 | Killed Agnes
 32991 | Spider:2 | Reached skill level 14 in Fighting
 33046 | Spider:2 | Reached XP level 17. HP: 122/125 MP: 13/13
 34349 | Orc:2    | Bought a ring of resist corrosion for 280 gold pieces
 34688 | Spider:3 | Gained mutation: You are dopey. (Int -2) [Ru sacrifice]
 34688 | Spider:3 | Reached ****** piety under Ru
 35941 | Spider:4 | Entered Level 4 of the Spider Nest
 36092 | Spider:4 | Reached skill level 15 in Fighting
 36434 | Spider:4 | Identified the +4 flail of Dried Tears {drain, rPois}
 36693 | Spider:4 | Reached skill level 16 in Fighting
 37319 | Spider:4 | Reached skill level 17 in Fighting
 37331 | Spider:4 | Reached XP level 18. HP: 138/138 MP: 14/14
 37554 | Spider:4 | Got a gossamer rune of Zot
 37985 | Swamp:1  | Entered Level 1 of the Swamp
 38172 | Swamp:1  | Found a frozen archway.
 38208 | IceCv    | Entered an ice cave
 38920 | IceCv    | Identified the +2 pair of gloves "Tari" {rPois rF- Int+2
                  | SInv}
 39087 | Swamp:1  | Noticed Frances
 39100 | Swamp:1  | Killed Frances
 39119 | Swamp:1  | Identified the +2 leather armour "Kusk" {*Corrode rPois
                  | rN+}
 39383 | Swamp:1  | Identified the +8 shortbow "Ebbassog" {freeze, rF++ MP-9
                  | Int+3}
 39541 | Swamp:2  | You are sucked into a shaft and drop 1 floor!
 40377 | Swamp:3  | Noticed Oxzixom's ghost (adept TrBe)
 40384 | Swamp:3  | Found a runed translucent gate.
 40384 | Swamp:3  | Found a runed translucent gate.
 40384 | Swamp:3  | Found a runed translucent gate.
 40800 | Swamp:4  | Entered Level 4 of the Swamp
 40810 | Swamp:4  | Reached skill level 10 in Evocations
 40870 | Swamp:4  | Reached skill level 15 in Dodging
 40946 | Swamp:4  | Reached XP level 19. HP: 111/144 MP: 15/15
 41513 | Swamp:4  | Got a decaying rune of Zot
 41796 | Lair:4   | Killed spardeous's ghost
 42076 | Vaults:1 | Entered Level 1 of the Vaults
 43913 | Vaults:2 | Found a staircase to the Crypt.
 44005 | Vaults:2 | Found Vunlomin's Antique Weapon Shoppe.
 44175 | Vaults:2 | Found a portal to a secret trove of treasure.
 44175 | Vaults:2 | Found Cuggicos's Antique Armour Shop.
 44369 | Vaults:2 | Reached XP level 20. HP: 128/151 MP: 16/16
 44677 | Vaults:2 | Found Xomnud's Armour Shoppe.
 45027 | Vaults:2 | Found Ucouh's Book Emporium.
 45035 | Vaults:2 | Bought a book of Blood for 420 gold pieces
 45039 | Vaults:2 | Learned a level 2 spell: Wereblood
 45220 | Vaults:2 | Identified the staff of No Interval {rElec rC+ rN+ Necro}
 45337 | Vaults:3 | Reached skill level 1 in Transmutations
 45423 | Vaults:3 | You are sucked into a shaft and drop 1 floor!
 45872 | Vaults:3 | Identified the +1 broad axe of the Sage {freeze, Will+
                  | rCorr Dex+3}
 45925 | Vaults:3 | Found a runed translucent gate.
 45925 | Vaults:3 | Found a runed translucent gate.
 45925 | Vaults:3 | Found a runed translucent gate.
 45927 | Vaults:3 | Noticed Joll's ghost (adept FoRe)
 45945 | Vaults:3 | Reached skill level 5 in Transmutations
 46139 | Vaults:3 | Found Ihopseb's Weapon Shoppe.
 46748 | Vaults:4 | Reached skill level 15 in Shapeshifting
 46884 | Vaults:4 | Reached XP level 21. HP: 156/156 MP: 15/16
 47410 | Vaults:4 | Found a huge runed gate.
 47410 | Vaults:4 | Found a huge runed gate.
 47410 | Vaults:4 | Found a huge runed gate.
 47410 | Vaults:4 | Found a huge runed gate.
 47411 | Vaults:4 | Found a huge runed gate.
 47411 | Vaults:4 | Found a huge runed gate.
 47411 | Vaults:4 | Found a huge runed gate.
 47411 | Vaults:4 | Found a huge runed gate.
 47412 | Vaults:4 | Found a huge runed gate.
 47413 | Vaults:4 | Found a huge runed gate.
 47416 | Vaults:4 | Found a huge runed gate.
 47416 | Vaults:4 | Found a huge runed gate.
 47416 | Vaults:4 | Found a huge runed gate.
 47416 | Vaults:4 | Found a huge runed gate.
 47416 | Vaults:4 | Found a huge runed gate.
 47416 | Vaults:4 | Found a huge runed gate.
 47417 | Vaults:4 | Found a huge runed gate.
 47418 | Vaults:4 | Found a huge runed gate.
 47419 | Vaults:4 | Found a huge runed gate.
 47427 | Vaults:4 | Found a huge runed gate.
 47427 | Vaults:4 | Found a huge runed gate.
 47427 | Vaults:4 | Found a huge runed gate.
 47427 | Vaults:4 | Found a huge runed gate.
 47427 | Vaults:4 | Found a huge runed gate.
 47427 | Vaults:4 | Found a huge runed gate.
 47428 | Vaults:4 | Found a huge runed gate.
 47436 | Vaults:4 | Found a huge runed gate.
 47437 | Vaults:4 | Found a huge runed gate.
 47541 | Vaults:4 | Found a huge runed gate.
 47541 | Vaults:4 | Found a huge runed gate.
 47541 | Vaults:4 | Found a huge runed gate.
 47541 | Vaults:4 | Found a huge runed gate.
 47541 | Vaults:4 | Found a huge runed gate.
 47541 | Vaults:4 | Found a huge runed gate.
 47542 | Vaults:4 | Found a huge runed gate.
 47543 | Vaults:4 | Found a huge runed gate.
 47707 | Vaults:4 | Noticed an ancient lich
 47727 | Vaults:4 | Killed an ancient lich
 47915 | Vaults:3 | Killed Joll's ghost
 47942 | Vaults:3 | Identified the +6 fire dragon scales of Yredelemnul,
                  | Shrinking {Rampage Drain rF++ rC- Str+2}
 48172 | Depths:1 | Entered Level 1 of the Depths
 48317 | Depths:1 | Found Big Baal Hell's Store.
 48343 | Depths:1 | Found a gateway to Hell.
 48448 | Depths:1 | Found a one-way gateway to a ziggurat.
 48682 | Depths:1 | Found a glowing golden altar of the Shining One.
 48857 | Depths:1 | Found an opulent altar of Gozag.
 49097 | Depths:2 | Noticed Bai Suzhen
 49206 | Depths:2 | Killed Bai Suzhen
 49234 | Depths:2 | Reached XP level 22. HP: 163/163 MP: 17/17
 49370 | Depths:2 | Noticed a juggernaut
 49370 | Depths:2 | Noticed a golden dragon
 49371 | Depths:2 | Found a runed translucent door.
 49379 | Depths:2 | Killed a juggernaut
 49381 | Depths:2 | Killed a golden dragon
 49400 | Depths:2 | Identified the +6 long sword of Conflict {flame, rF+ Str+6}
 49450 | Depths:2 | Found a transporter.
 49450 | Depths:2 | Noticed pyrow613's ghost (adept DgFi)
 49453 | Depths:2 | Found a transporter.
 49478 | Depths:2 | Noticed an ancient lich
 49560 | Depths:2 | Found a one-way gate leading to the halls of Pandemonium.
 49678 | Depths:2 | Found Qodd's General Store.
 49680 | Depths:2 | Found Buajeitu's Jewellery Emporium.
 49682 | Depths:2 | Found Oxtaetipis's Weapon Shoppe.
 49686 | Depths:2 | Bought a potion of might for 68 gold pieces
 49892 | Depths:2 | Killed pyrow613's ghost
 50096 | Orc:2    | Bought a ring of see invisible for 165 gold pieces
 50318 | Depths:2 | Killed an ancient lich
 50595 | Depths:3 | You are sucked into a shaft and drop 1 floor!
 50595 | Depths:4 | Entered Level 4 of the Depths
 50604 | Depths:4 | Reached skill level 15 in Unarmed Combat
 50654 | Depths:4 | Noticed a juggernaut
 50664 | Depths:4 | Killed a juggernaut
 50665 | Depths:4 | Reached skill level 18 in Fighting
 50692 | Depths:4 | Noticed a juggernaut
 51675 | Depths:3 | Reached XP level 23. HP: 166/166 MP: 18/18
 51735 | Depths:3 | Noticed a caustic shrike
 51736 | Depths:3 | Noticed a caustic shrike
 51737 | Depths:3 | Noticed a caustic shrike
 51743 | Depths:3 | Paralysed by a floating eye for 2 turns
 51745 | Depths:3 | Killed a caustic shrike
 51745 | Depths:3 | Killed a caustic shrike
 51746 | Depths:3 | Killed a caustic shrike
 51753 | Depths:3 | Noticed a golden dragon
 52232 | Depths:3 | Found a one-way gate to the infinite horrors of the Abyss.
 52498 | Depths:3 | Killed a golden dragon
 52591 | Depths:3 | Identified the +3 pair of gloves of Negation {rC+ Int+5}
 52592 | Depths:3 | Identified the +6 sling "Digree" {freeze, Int+2}
 52649 | Depths:3 | Identified the +12 sling of the Original Sin {heavy,
                  | *Corrode rF++}
 52898 | Depths:4 | Killed a juggernaut
 53150 | Depths:4 | Found a gate to the Realm of Zot.
 53303 | Depths:4 | Noticed a golden dragon
 53309 | Depths:4 | Killed a golden dragon
 53442 | Depths:4 | Paralysed by a sphinx for 5 turns
 54553 | Elf:1    | Entered Level 1 of the Elven Halls
 54651 | Elf:1    | Reached skill level 1 in Shields
 54663 | Elf:1    | Found Evihud's Antique Armour Shop.
 54663 | Elf:1    | Found Ycel's Magic Scroll Boutique.
 54770 | Elf:1    | Got the Tome of Ice
 54777 | Elf:1    | Got the Compilation of Fever
 54784 | Elf:1    | Learned a level 3 spell: Ozocubu's Armour
 54799 | Elf:1    | Got the Treatise on the Quake
 55007 | Elf:1    | Noticed Louise
 55013 | Elf:1    | Killed Louise
 55032 | Elf:1    | Reached skill level 1 in Ice Magic
 55207 | Elf:1    | You are sucked into a shaft and drop 1 floor!
 55267 | Elf:2    | Found a radiant altar of Vehumet.
 55284 | Elf:2    | Acquired 715 gold pieces
 55420 | Elf:2    | Found a runed translucent gate.
 55421 | Elf:2    | Found a runed translucent gate.
 55421 | Elf:2    | Found a runed translucent gate.
 55695 | Elf:1    | Reached XP level 24. HP: 177/177 MP: 18/18
 55696 | Elf:1    | Got the Incunable of Abominable Rites
 55769 | Elf:1    | Noticed Zenata
 55774 | Elf:1    | Killed Zenata
 55847 | Elf:1    | Found Moaly's Distillery.
 55853 | Elf:1    | Bought a potion of curing for 42 gold pieces
 55853 | Elf:1    | Bought a potion of curing for 42 gold pieces
 55853 | Elf:1    | Bought a potion of haste for 140 gold pieces
 55853 | Elf:1    | Bought a potion of cancellation for 112 gold pieces
 56453 | Elf:3    | Entered Level 3 of the Elven Halls
 56465 | Elf:3    | Found Hig Dasi's Armour Boutique.
 56471 | Elf:3    | Identified the +1 spear "Bykumed" {holy, +Blink rCorr Str+3
                  | Int+2}
 57058 | Elf:3    | Reached skill level 5 in Shields
 57285 | Elf:3    | Reached skill level 5 in Ice Magic
 57285 | Elf:3    | Paralysed by an air elemental for 1 turns
 57365 | Elf:3    | Identified the +5 ring mail of Foolhardiness {rN+}
 57365 | Elf:3    | Identified the orb of the Orb Guardian {mayhem, +Blink +Inv
                  | Dex+2 SInv}
 57365 | Elf:3    | Noticed Saint Roka
 57377 | Elf:3    | Killed Saint Roka
 57429 | Elf:3    | Learned a level 2 spell: Blink
 57468 | Elf:3    | Reached skill level 10 in Ranged Weapons
 57471 | Elf:3    | Found the +10 Black Knight's barding {ponderous, rPois rN+}
 57484 | Elf:3    | Identified the staff "Mopuclob" {rPois rF+ rC+ Fire}
 57506 | Elf:3    | Learned a level 3 spell: Swiftness
 57877 | Vaults:5 | Entered Level 5 of the Vaults
 57878 | Vaults:5 | Noticed Mara
 57890 | Vaults:4 | Reached skill level 1 in Translocations
 57911 | Vaults:5 | Noticed a dread lich
 58042 | Vaults:5 | Noticed juan097's illusion
 58043 | Vaults:5 | Killed a dread lich
 58051 | Vaults:5 | Killed Mara
 58365 | Vaults:4 | Reached XP level 25. HP: 139/183 MP: 18/18
 58423 | Vaults:4 | Reached skill level 5 in Translocations
 58654 | Vaults:5 | Noticed a dread lich
 58671 | Vaults:5 | Killed a dread lich
 58967 | Vaults:5 | Learned a level 2 spell: Lesser Beckoning
 59118 | Vaults:5 | Noticed an ancient lich
 59124 | Vaults:5 | Killed an ancient lich
 59404 | Vaults:5 | Learned a level 2 spell: Passwall
 59893 | Vaults:5 | Identified the +1 robe of Birdsong {Contam Harm +Blink
                  | Dex+3}
 59894 | Vaults:5 | Identified the staff of Guilt {rF+ rN+ Will+++ Str-2 Dex-4
                  | SInv Fire}
 59903 | Vaults:5 | Identified the staff of Hacking and Slashing {Fly rPois rF+
                  | Int-3 Fire}
 59924 | Vaults:5 | Reached skill level 1 in Air Magic
 60125 | Vaults:5 | Reached skill level 1 in Earth Magic
 60128 | Vaults:5 | Got a silver rune of Zot
 60315 | Vaults:2 | You paid a toll of 14 potions of curing to enter a treasure
                  | trove
 60316 | Trove    | Entered a treasure trove
 60324 | Trove    | Identified the +5 mace of Valiance {vamp, *Slow rPois
                  | Int+4}
 60326 | Trove    | Identified the +7 dagger "Gamuolix" {vamp, *Slow Dex+5}
 60335 | Trove    | Identified the +8 whip "Utaih" {venom, Int+3}
 60336 | Trove    | Identified the +5 dagger of the Purple Skies {venom, Int+4
                  | Dex+4}
 60337 | Trove    | Identified the +4 mace of Painful Death {venom, rF+ Dex+2
                  | Stlth+}
 60344 | Trove    | Identified the +10 whip of Osan Ehu {flame, Drain +Blink
                  | rCorr Int+6}
 60345 | Trove    | Identified the +10 sling of the Shrike {flame, Dex+2}
 60346 | Trove    | Identified the +3 whip of Sharkskin {flame, rN+ Int+4
                  | Dex-3}
 60353 | Trove    | Identified the +6 sling "Tuliygof" {drain, Str+3 Int+4}
 60356 | Trove    | Identified the +0 mace of Fibat {drain, +Blink rPois Str+2
                  | Dex+5 Stlth+}
 60357 | Trove    | Identified the +5 whip of Omeuff {drain, rN+ Str+2}
 60607 | Zot:1    | Entered Level 1 of the Realm of Zot
 60773 | Zot:1    | Noticed an orb of fire
 60781 | Zot:1    | Killed an orb of fire
 61181 | Depths:1 | Bought the ring of Diogram {rN+ rCorr} for 2151 gold pieces
 61346 | Zot:1    | Reached XP level 26. HP: 167/189 MP: 18/18
 61532 | Zot:1    | Noticed Vv
 61552 | Zot:1    | Killed Vv
 61553 | Zot:1    | Reached skill level 5 in Air Magic
 62003 | Zot:2    | Noticed Ytolar's ghost (legendary DsFi)
 62003 | Zot:2    | Found a runed translucent door.
 62341 | Zot:2    | Learned a level 3 spell: Vhi's Electric Charge
 62346 | Zot:2    | Learned a level 4 spell: Passage of Golubria
 63220 | Zot:3    | Found a transporter.
 63666 | Orc:2    | Bought a storm talisman for 1250 gold pieces
 63846 | Crypt:1  | Entered Level 1 of the Crypt
 63977 | Crypt:1  | Found a transporter.
 64038 | Crypt:1  | Found a transporter.
 64577 | Crypt:1  | Noticed a dread lich
 64582 | Crypt:1  | Killed a dread lich
 64592 | Crypt:1  | Identified the amulet of Naimorri {RegenMP Harm Regen+
                  | Int+4 Dex-4}
 64599 | Crypt:1  | Identified the +4 sling of Butchery {heavy, Drain rElec
                  | Will- Stlth+}
 64600 | Crypt:1  | Identified the +9 sling "Sijiem" {heavy, Contam rN+ Int+4}
 64601 | Crypt:1  | Identified the ring "Raovin Jape" {Int+6 Stlth+}
 64956 | Crypt:2  | Paralysed by a vampire knight for 5 turns
 65808 | Crypt:3  | Entered Level 3 of the Crypt
 65823 | Crypt:3  | Reached XP level 27. HP: 197/197 MP: 18/18
 66056 | Crypt:3  | Found an ancient bone altar of Kikubaaqudgha.
 66057 | Crypt:3  | Noticed a dread lich
 66057 | Crypt:3  | Paralysed by a dread lich for 5 turns
 66067 | Crypt:3  | Killed a dread lich
 66068 | Crypt:3  | Reached skill level 19 in Fighting
 66071 | Crypt:3  | Identified the ring "Hat Pext" {rN+ rCorr Slay+3 Stlth+}
 66071 | Crypt:3  | Identified the ring of the Fresh God {*Slow Fly rC++ rN+
                  | Str+3}
 66071 | Crypt:3  | Identified the ring "Tiywyq" {rElec rN+ Int+2}
 66505 | Crypt:3  | Found a staircase to the Tomb.
 66542 | Crypt:3  | Found a transporter.
 66542 | Crypt:3  | Noticed Katt's ghost (adept MiFi)
 66706 | Crypt:2  | Found an ancient bone altar of Kikubaaqudgha.
 66799 | Crypt:3  | Found a transporter.
 67085 | Crypt:3  | Identified the staff of Sloth {rF+ rCorr Dex+3 Conj}
 67086 | Crypt:3  | Identified the +2 scale mail of Somewhere Else {rC- rCorr
                  | Slay+3}
 67138 | Crypt:3  | Got the Vellum of Dynamic Voltage
 67265 | Crypt:3  | Killed Katt's ghost
 67728 | Swamp:3  | Killed Oxzixom's ghost
 68500 | Zot:2    | Killed Ytolar's ghost
 68502 | Zot:2    | Identified the +2 halberd of Action {freeze, Will- Str-3
                  | Int+7}
 68841 | Zot:3    | Found a transporter.
 68931 | Zot:3    | You are sucked into a shaft and drop 1 floor!
 69123 | Zot:3    | Noticed an orb of fire
 69134 | Zot:3    | Killed an orb of fire
 69313 | Zot:3    | Identified the ring "Xusidghal" {Fly Dex+4}
 69347 | Zot:3    | Identified the ring of Ru's Generosity {+Blink rElec rPois
                  | rC+ Will+ Str-5}
 69536 | Zot:4    | Reached skill level 20 in Fighting
 69715 | Zot:4    | Reached skill level 1 in Spellcasting
 69755 | Zot:4    | Found a shimmering blue altar of Sif Muna.
 70372 | Zot:5    | Entered Level 5 of the Realm of Zot
 70493 | Zot:5    | Noticed an orb of fire
 70495 | Zot:5    | Gained mutation: You are weak. (Str -2) [an orb of fire]
 70501 | Zot:5    | Killed an orb of fire
 70599 | Zot:5    | Noticed a dread lich
 70613 | Zot:5    | Killed a dread lich
 70643 | Zot:5    | Noticed an ancient lich
 70652 | Zot:5    | Killed an ancient lich
 70706 | Zot:5    | Noticed a dread lich
 70717 | Zot:5    | Killed a dread lich
 70992 | Zot:5    | Reached skill level 21 in Fighting
 71115 | Zot:5    | Noticed an ancient lich
 71128 | Zot:5    | Killed an ancient lich
 71129 | Zot:5    | Noticed an orb of fire
 71132 | Zot:5    | Noticed an ancient lich
 71139 | Zot:5    | Noticed a dread lich
 71141 | Zot:5    | Gained mutation: You occasionally lose the ability to drink
                  | potions when taking damage. [an orb of fire]
 71142 | Zot:5    | Killed an orb of fire
 71143 | Zot:5    | Killed an ancient lich
 71144 | Zot:5    | Reached skill level 5 in Spellcasting
 71156 | Zot:5    | Killed a dread lich
 71159 | Zot:5    | Noticed a dread lich
 71166 | Zot:5    | Killed a dread lich
 72325 | Slime:1  | Entered Level 1 of the Pits of Slime
 72866 | Slime:5  | Entered Level 5 of the Pits of Slime
 73002 | Slime:4  | Reached skill level 22 in Fighting
 73037 | Slime:5  | Gained mutation: You are very weak. (Str -4) [a shining
                  | eye]
 73063 | Slime:5  | Noticed the Royal Jelly
 73072 | Slime:5  | Killed the Royal Jelly
 73107 | Slime:5  | Gained mutation: You are frail. (-10% HP) [a shining eye]
 73191 | Slime:5  | Identified the +8 shortbow of the Weasel {flame, Str+6}
 73203 | Slime:5  | Got Poajaju's Encyclopedia of the Mob and Graupel
 73305 | Slime:5  | Identified the +4 short sword "Dikliun" {speed, rC- Str+4
                  | SInv}
 73387 | Slime:5  | Got a slimy rune of Zot
 73388 | Slime:5  | Identified the +8 battleaxe of the Growing Coward {vamp,
                  | rN+}
 73646 | Slime:5  | Got Sif Muna's Teachings on Overcast Graupel
 73648 | Slime:5  | Identified the +9 short sword of Mokuutt {antimagic, *Slow
                  | rPois rF+}
 73650 | Slime:5  | Identified the +4 pair of gloves of Precision Catastrophes
                  | {rPois rN+ Int+2}
 73667 | Slime:5  | Identified the +7 war axe "Paquemu" {antimagic, rElec Dex-4
                  | Stlth+}
 74221 | Hell     | Entered the Vestibule of Hell
 74221 | Hell     | Noticed Geryon
 74233 | Hell     | Killed Geryon
 74233 | Hell     | Gained mutation: Your magical capacity is extremely low.
                  | (-30% MP) [a cacodemon]
 74244 | Hell     | Noticed Murray
 74366 | Depths:1 | Killed Murray
 74498 | Hell     | Found a gateway to the ashen valley of Gehenna.
 74637 | Hell     | Found a gateway to the freezing wastes of Cocytus.
 74737 | Hell     | Found a gateway to the Iron City of Dis.
 74821 | Hell     | Found a gateway to the decaying netherworld of Tartarus.
 75022 | Depths:3 | Voluntarily entered the Abyss.
 75154 | Abyss:1  | Found a corrupted altar of Lugonu.
 75289 | Abyss:1  | Reached skill level 23 in Fighting
 75322 | Abyss:1  | Found a corrupted altar of Lugonu.
 75481 | Abyss:1  | Found a corrupted altar of Lugonu.
 75578 | Abyss:2  | Found a corrupted altar of Lugonu.
 75652 | Abyss:2  | Found a corrupted altar of Lugonu.
 75654 | Abyss:2  | Found a corrupted altar of Lugonu.
 75654 | Abyss:2  | Found a corrupted altar of Lugonu.
 75725 | Abyss:2  | Gained mutation: Your body sometimes deteriorates upon
                  | taking damage. [a neqoxec]
 75863 | Abyss:3  | Found a corrupted altar of Lugonu.
 75905 | Abyss:3  | Got an abyssal rune of Zot
 75940 | Abyss:3  | Found a corrupted altar of Lugonu.
 75982 | Depths:3 | Escaped the Abyss
 76223 | Zot:1    | Lost mutation: You are frail. (-10% HP) [potion of
                  | mutation]
 76223 | Zot:1    | Lost mutation: Your magical capacity is extremely low.
                  | (-30% MP) [potion of mutation]
 76223 | Zot:1    | Gained mutation: You sometimes lose the ability to drink
                  | potions when taking damage. [potion of mutation]
 76223 | Zot:1    | Gained mutation: You are occasionally teleported next to
                  | monsters. [potion of mutation]
 76223 | Zot:1    | Lost mutation: You are occasionally teleported next to
                  | monsters. [potion of mutation]
 76423 | Pan      | Entered Pandemonium
 76501 | Pan      | Noticed a seraph
 76513 | Pan      | Killed a seraph
 76516 | Pan      | Found a glowing golden altar of the Shining One.
 76531 | Pan      | Got a demonic rune of Zot
 76533 | Pan      | Identified the +6 sling "Anofoorgh" {drain, rF+ Will-
                  | Dex+3}
 76551 | Pan      | Got the Tome of the Shocking Plateau
 76907 | Pan      | Identified the +7 plate armour "Suat" {rPois Str+5}
 77171 | Pan      | Found a white marble altar of Elyvilon.
 77219 | Pan      | Reached skill level 24 in Fighting
 77388 | Pan      | Identified the +2 leather armour "Balej" {Regen+ Stlth+}
 77586 | Pan      | Found a glowing silver altar of Zin.
 79186 | Pan      | Noticed Qeesium the pandemonium lord
 79189 | Pan      | Killed Qeesium the pandemonium lord
 79236 | Pan      | Entered the realm of Lom Lobon.
 79236 | Pan      | Noticed Lom Lobon
 79253 | Pan      | Killed Lom Lobon
 79279 | Pan      | Got a magical rune of Zot
 79674 | Pan      | Noticed Jitrir the pandemonium lord
 79681 | Pan      | Killed Jitrir the pandemonium lord
 80052 | Pan      | Noticed Gusoff the pandemonium lord
 80064 | Pan      | Killed Gusoff the pandemonium lord
 80072 | Pan      | Identified the +1 pair of boots of Fortification {Str+2}
 80090 | Pan      | Entered the realm of Cerebov.
 80249 | Pan      | Identified the +11 falchion of the Gnashing Wasp {vamp, rF-
                  | Int+4}
 80486 | Pan      | Identified the staff "Hoovaxao" {rElec SInv Stlth+ Air}
 80577 | Pan      | Identified the ring of Tender Moments {Fly rElec Will-
                  | rCorr Str+3}
 80694 | Pan      | Found the +6 sword of Cerebov {flame}
 80694 | Pan      | Noticed Cerebov
 80724 | Pan      | Killed Cerebov
 80845 | Pan      | Identified the ring "Gufynk" {Wiz rElec rPois}
 80888 | Pan      | Identified the +2 falchion "Faog" {freeze, Fly MP+9}
 80890 | Pan      | Identified the +3 long sword of Skirmishing {antimagic,
                  | rPois SInv Stlth+}
 80918 | Pan      | Got a fiery rune of Zot
 81015 | Pan      | Got the Parchment of the Horrible Faeries
 81065 | Pan      | Identified the +0 helmet of Kienita {rF+ Will- Dex+2}
 81243 | Pan      | Found an exit through the horrors of the Abyss.
 81251 | Pan      | Noticed Bygicim the pandemonium lord
 81263 | Pan      | Killed Bygicim the pandemonium lord
 81314 | Pan      | Entered the realm of Mnoleg.
 81314 | Pan      | Noticed Mnoleg
 81317 | Pan      | Gained mutation: You are frail. (-10% HP) [a neqoxec]
 81332 | Pan      | Gained mutation: You have hidden genetic defects. [a
                  | neqoxec]
 81335 | Pan      | Killed Mnoleg
 81335 | Pan      | Gained mutation: You have terrible hidden genetic defects.
                  | [a shining eye]
 81336 | Pan      | Gained mutation: You are very frail. (-20% HP) [a shining
                  | eye]
 81346 | Pan      | Gained mutation: You are clumsy. (Dex -2) [a neqoxec]
 81348 | Pan      | Lost mutation: You have terrible hidden genetic defects. [a
                  | neqoxec]
 81354 | Pan      | Gained mutation: You are very clumsy. (Dex -4) [a
                  | cacodemon]
 81607 | Pan      | Identified the staff of the Ghost {rF+++ Will+ Dex-2 Stlth+
                  | Earth}
 81680 | Pan      | Got a glowing rune of Zot
 81740 | Pan      | Found an exit through the horrors of the Abyss.
 81772 | Pan      | Entered the realm of Gloorx Vloq.
 81957 | Pan      | Gained mutation: You are very dopey. (Int -4) [hidden
                  | defects]
 82027 | Pan      | Found an exit through the horrors of the Abyss.
 82326 | Pan      | Reached skill level 25 in Fighting
 82399 | Pan      | Noticed Gloorx Vloq
 82415 | Pan      | Killed Gloorx Vloq
 82501 | Pan      | Identified the +9 great sword "Ylefyh" {heavy, rPois Int+4
                  | Dex-3}
 82537 | Pan      | Got a dark rune of Zot
 82743 | Pan      | Gained mutation: You are extremely frail. (-30% HP) [hidden
                  | defects]
 82743 | Pan      | Lost mutation: You have hidden genetic defects. [hidden
                  | defects expressed]
 82903 | Pan      | Noticed Exyheb the pandemonium lord
 82907 | Pan      | Killed Exyheb the pandemonium lord
 82946 | Depths:2 | Escaped Pandemonium
 83266 | Elf:3    | Lost mutation: You are very clumsy. (Dex -4) [potion of
                  | mutation]
 83266 | Elf:3    | Lost mutation: You are clumsy. (Dex -2) [potion of
                  | mutation]
 83266 | Elf:3    | Gained mutation: Potions are less effective at restoring
                  | your health. [potion of mutation]
 83266 | Elf:3    | Lost mutation: Potions are less effective at restoring your
                  | health. [potion of mutation]
 83266 | Elf:3    | Lost mutation: You are extremely frail. (-30% HP) [potion
                  | of mutation]
 83266 | Elf:3    | Gained mutation: You passively map a small area around you.
                  | [potion of mutation]
 83267 | Elf:3    | Lost mutation: Your body sometimes deteriorates upon taking
                  | damage. [potion of mutation]
 83267 | Elf:3    | Lost mutation: You passively map a small area around you.
                  | [potion of mutation]
 83267 | Elf:3    | Lost mutation: You are very weak. (Str -4) [potion of
                  | mutation]
 83267 | Elf:3    | Gained mutation: You are partially covered in iridescent
                  | scales. (AC +2) [potion of mutation]
 83269 | Elf:3    | Lost mutation: You are weak. (Str -2) [potion of mutation]
 83269 | Elf:3    | Lost mutation: You are partially covered in iridescent
                  | scales. (AC +2) [potion of mutation]
 83269 | Elf:3    | Gained mutation: You are strong-willed. (Will+) [potion of
                  | mutation]
 83269 | Elf:3    | Lost mutation: You sometimes lose the ability to drink
                  | potions when taking damage. [potion of mutation]
 83269 | Elf:3    | Lost mutation: You are very frail. (-20% HP) [potion of
                  | mutation]
 83609 | Zig:1    | Entered Level 1 of a ziggurat
 83622 | Zig:2    | Entered Level 2 of a ziggurat
 83639 | Zig:3    | Entered Level 3 of a ziggurat
 83642 | Zig:3    | Noticed Yliwiff the pandemonium lord
 83650 | Zig:3    | Killed Yliwiff the pandemonium lord
 83682 | Zig:3    | Identified the amulet of Efiyc {Acrobat *Slow rPois rN+++
                  | Str-2}
 83691 | Zig:4    | Entered Level 4 of a ziggurat
 83729 | Zig:5    | Entered Level 5 of a ziggurat
 83779 | Zig:6    | Entered Level 6 of a ziggurat
 83782 | Zig:6    | Found the ring of the Mage {Wiz Archmagi}
 83783 | Zig:6    | Noticed an ancient lich
 83793 | Zig:6    | Killed an ancient lich
 83815 | Zig:7    | Entered Level 7 of a ziggurat
 83942 | Zig:8    | Entered Level 8 of a ziggurat
 83951 | Zig:8    | Lost intelligence.
 83986 | Zig:8    | Identified the ring "Kul Li Suarch" {rPois rF+ Will+ AC+4}
 84013 | Zig:9    | Entered Level 9 of a ziggurat
 84134 | Zig:9    | Identified the +10 flail of Poakh {heavy, rPois Int-2
                  | Stlth+}
 84135 | Zig:9    | Identified the ring "Goodo" {Dex+3 SInv}
 84156 | Zig:10   | Entered Level 10 of a ziggurat
 84165 | Zig:10   | Found the +7 captain's cutlass {speed, disarm}
 84286 | Zig:11   | Entered Level 11 of a ziggurat
 84299 | Zig:11   | Noticed a juggernaut
 84313 | Zig:11   | Killed a juggernaut
 84364 | Zig:11   | Identified the +7 sling of Sloth {flame, +Blink rN+ Int+3}
 84376 | Zig:11   | Identified the amulet of Lautwiuf {Faith rCorr Int+2}
 84442 | Zig:12   | Entered Level 12 of a ziggurat
 84450 | Zig:12   | Noticed a dread lich
 84451 | Zig:12   | Noticed an ancient lich
 84465 | Zig:12   | Killed a dread lich
 84473 | Zig:12   | Killed an ancient lich
 84501 | Zig:12   | Identified the ring "Zicuvamm" {rN++ rCorr Stlth+}
 84516 | Zig:12   | Identified the +10 morningstar of the Walnut {freeze, rElec
                  | Stlth+}
 84521 | Zig:12   | Identified the +3 scimitar "Jamum" {freeze, rF+ rN+ Int-3
                  | SInv}
 84553 | Zig:13   | Entered Level 13 of a ziggurat
 84566 | Zig:13   | Paralysed by an air elemental for 1 turns
 84631 | Zig:13   | Identified the staff of Amorous Integrity {+Blink rElec
                  | rN+++ Dex-5 Conj}
 84682 | Zig:14   | Entered Level 14 of a ziggurat
 84706 | Zig:14   | Noticed Vorodi the pandemonium lord
 84706 | Zig:14   | Noticed Safiera the pandemonium lord
 84707 | Zig:14   | Noticed Remotod the pandemonium lord
 84723 | Zig:14   | Killed Vorodi the pandemonium lord
 84730 | Zig:14   | Killed Safiera the pandemonium lord
 84752 | Zig:14   | Killed Remotod the pandemonium lord
 84805 | Zig:14   | Identified the +9 short sword of Gurghos {heavy, rPois
                  | rF+++ Str-2 Dex-2}
 84816 | Zig:14   | Identified the ring "Ameqady" {Fly rF++ rN+ MP+9 Dex-5}
 84825 | Zig:14   | Identified the staff "Murmur" {rC+ Dex+3 Ice}
 84852 | Zig:14   | Reached skill level 15 in Evocations
 84856 | Zig:15   | Entered Level 15 of a ziggurat
 84886 | Zig:15   | HP: 1/197 [nargun (28)]
 84923 | Zig:15   | Paralysed by a wendigo for 1 turns
 84932 | Zig:15   | Paralysed by a wendigo for 1 turns
 85117 | Zig:15   | Identified the +1 sling of Zigid {flame, rC+ SInv}
 85118 | Zig:15   | Identified the +6 whip "Itora" {venom, rPois rF+}
 85119 | Zig:15   | Identified the +6 orcbow "Okhoaha" {antimagic, Int+3}
 85122 | Zig:15   | Identified the +4 dagger "Ovajiboy" {freeze, +Blink Str+2}
 85136 | Zig:15   | Identified the +7 trident of the Dowdy God {heavy, rC++
                  | Will+}
 85157 | Zig:15   | Reached skill level 26 in Fighting
 85161 | Zig:16   | Entered Level 16 of a ziggurat
 85163 | Zig:16   | Noticed a dread lich
 85181 | Zig:16   | Killed a dread lich
 85230 | Zig:16   | Noticed a dread lich
 85277 | Zig:16   | Killed a dread lich
 85397 | Zig:16   | Identified the +6 spear "Bituax" {heavy, Fly rN+ SInv}
 85451 | Zig:17   | Entered Level 17 of a ziggurat
 85488 | Zig:17   | Found the +7 great mace "Firestarter" {flame, immolate,
                  | rFlCloud rF++}
 85488 | Zig:17   | Found the +8 Wrath of Trog {antimagic, *Rage Rampage}
 85634 | Zig:18   | Entered Level 18 of a ziggurat
 85658 | Zig:18   | Found the +7 sceptre of Torment {pain, torment}
 85823 | Zig:18   | Identified the ring of Liberty {Wiz rC- rCorr Str+4}
 85887 | Zig:19   | Entered Level 19 of a ziggurat
 86001 | Zig:19   | Found the +3 pair of mountain boots {steadfast, rC+}
 86001 | Zig:19   | Found the +13 scythe of Curses {drain, curses, Drain}
 86028 | Zig:19   | Identified the staff "Jiegy" {rPois rN+ Str+3 Necro}
 86031 | Zig:19   | Identified the +7 falchion "Gatot" {freeze, rPois rCorr
                  | Stlth+}
 86041 | Zig:19   | Identified the +1 rapier of Cunaptis {holy, Str+2 Dex+5}
 86080 | Zig:19   | Acquired a manual of Translocations
 86086 | Zig:20   | Entered Level 20 of a ziggurat
 86302 | Zig:20   | Found the amulet of the Four Winds {rN+ Will+++ Clar}
 86312 | Zig:20   | Identified the +1 trident of the Hurling Fulmar {vamp,
                  | Str-3 Int+3 Dex+3}
 86322 | Zig:20   | Identified the staff of Amortisation {rElec rN++ Str+9
                  | Int-3 Stlth- Air}
 86323 | Zig:20   | Identified the ring of Azim Caal {Wiz +Blink rC+ Stlth+}
 86408 | Zig:21   | Entered Level 21 of a ziggurat
 86472 | Zig:21   | Killed from afar by a hellion

Illustrated notes

Levels and vault maps discovered:
D:1:      evilmike_arrival_plus, layout_loops_ring
D:2:      layout_basic, st_stairs_13
D:3:      layout_basic, old_standard_altar, mainiacjoe_overflow_tiny_flanked,
          serial_shops, shop, minmay_statues_item, minmay_misc_feat_five,
          serial_bayou_pond_a
D:4:      layout_loops_ring, yredelemnul_altar_generic
D:5:      layout_gridville, lemuel_crystal_altar, vehumet_altar_wand_db,
          minmay_temple_entry_large_hall, ebering_ghost_reflecting_pool
D:6:      layout_loops_ring, gammafunk_ghost_icy, serial_shops,
          nicolae_lakefront_shop, hangedman_decor_push, uniq_grinder
D:7:      layout_basic, mainiacjoe_overflow_swirl, chequers_ossuary_entry_cave,
          serial_curves, eino_curves_03, eino_curves_02, eino_curves_03,
          uniq_menkaure, uniq_maggie
D:8:      layout_loops_cross, grunt_lair_entry_orc_guard_hut
D:9:      nicolae_whirlpool, layout_irregular_city, kennysheep_mini,
          grunt_ministairs_12, nicolae_eternal_life, minivault_10, uniq_erica,
          uniq_amaemon
D:10:     layout_cave_pods
D:11:     layout_rooms, orc_david_3
D:12:     minmay_crescents, layout_irregular_city, serial_shops,
          nicolae_diamond_shop, chequers_serial_rivers_micro_e, uniq_josephine,
          uniq_rupert
D:13:     layout_gridville, david_vaults_2, serial_shops, shop,
          nicolae_wand_duel, st_stairs_11
D:14:     layout_stronghold, elyvilon_altar_1
D:15:     hangedman_depths_entry_civil_slaughter, layout_rooms,
          minmay_strange_pillars, uniq_jorgrun
Temple:   zaba_magenta_temple
Lair:1:   layout_cave_pods, grunt_megastairs_3, serial_bayou_shore_a,
          infiniplex_staircase_pool
Lair:2:   layout_regular_city, beast_lair_carwin_7
Lair:3:   dragon1_lemuel, layout_hall_layers, swamp_mist_pool,
          hellmonk_spider_entry_not_the_bees, uniq_snorg, uniq_kirke
Lair:4:   layout_loops_ring, gammafunk_ghost_necromancy, gauntlet_entry_generic,
          grunt_megastairs_4
Lair:5:   evilmike_catoblepas_cave, layout_regular_city,
          minmay_slime_entry_jelly_boxes, chequers_serial_rivers_micro_b,
          nicolae_lair_yak_garden, grunt_megastairs_1
Swamp:1:  layout_basic_swamp, portal_ice_cave_entry_ice_simulacra,
          hangedman_swamp_lotus, uniq_frances
Swamp:2:  layout_basic_swamp, nicolae_swamp_treefoil
Swamp:3:  layout_falls_marsh, gammafunk_ghost_split, hangedman_swamp_ruin_wall
Swamp:4:  swamp_icy, layout_basic_swamp, swamp_pool2
Spider:1: layout_spider_delve
Spider:2: nicolae_spider_corner, uniq_agnes, uniq_arachne
Spider:3: layout_spider_delve, drop_trap
Spider:4: grunt_spider_rune_parallel
Slime:1:  layout_caves
Slime:2:  layout_caves
Slime:3:  layout_caves
Slime:4:  layout_caves
Slime:5:  slime_pit_nicolae_inversion
Orc:1:    layout_caves, uniq_fannar
Orc:2:    st_orc_mages, layout_caves
Elf:1:    elf_arrival_002, layout_geoelf_grid, serial_shops,
          nicolae_shop_industrial_runoff, minmay_elf_necromancy,
          grunt_ministairs_3, nicolae_elf_elemental_lessons, minmay_shoptagon,
          uniq_zenata, uniq_louise
Elf:2:    nicolae_elf_blades_crystal_corner, layout_rooms, basic_altar
Elf:3:    elf_hall_gauntlet_narrow, layout_geoelf_grid, serial_shops,
          shop_statue, uniq_saint_roka
Vaults:1: v_misc_5, hangedman_vaults_nails, vaults_standard_mumra_lines,
          v_misc_14, nicolae_vaults_wrenched, nicolae_vaults_c_with_doors,
          vaults_mumra_minichess, nicolae_vaults_yaktaur_gun_rack,
          nicolae_vaults_trapezoid_4, vaults_dpeg_hooks, layout_vaults_omnigrid
Vaults:2: minmay_crypt_entry_simple_walls, nicolae_vaults_diagonal_hallway_8,
          hangedman_vaults_pinch, nicolae_vaults_cochlea, vaults_dpeg_diagonal,
          special_room_vaults [special_room_orc], vaults_room_stairs_pillars,
          nicolae_vaults_alarming, nicolae_vaults_frosty_reception,
          nicolae_vaults_diamond_1, serial_ice_h, vaults_room_hallway,
          v_misc_10, nicolae_vaults_variable_pillar_hall,
          layout_vaults_big_room, serial_shops, shop, shop, shop, shop,
          enter_trove_0
Vaults:3: gammafunk_ghost_spectres, nicolae_vaults_tangram_2,
          ontoclasm_vaults_shuriken, hangedman_vaults_nails,
          nicolae_vaults_cochlea, nicolae_vaults_offset_grid_hallway_3,
          nicolae_vaults_little_squares_6, grunt_vaults_twisty, v_pattern_5,
          vaults_room_door_ring, hangedman_vaults_trim, nicolae_vaults_house_1,
          v_misc_14, layout_vaults_omnicross, serial_shops,
          nicolae_shop_bloodbath_and_beyond, uniq_margery
Vaults:4: v_alt_pattern_3, v_alt_pattern_2, nicolae_vaults_tetromino_L_2,
          v_misc_26, nicolae_vaults_ninety_degrees, v_misc_24,
          nicolae_vaults_prndl, ontoclasm_vaults_loading_screen, door_vault,
          nicolae_vaults_house_2, v_rooms_1, vaults_mumra_hexcomb,
          nicolae_vaults_tetromino_L_1, nicolae_vaults_trapezoid_lopsided_4,
          layout_vaults_omnibox
Vaults:5: serial_shops, uniq_mara
Crypt:1:  gammafunk_its_a_trap, layout_chaotic_city, columned_hall_lemuel,
          nicolae_crypt_little_mausoleum
Crypt:2:  layout_basic, corner_web_ring, lemuel_upstairs_altar
Crypt:3:  lightli_unholy_cathedral, layout_chaotic_city,
          nicolae_tomb_entry_grand_gallery, gammafunk_ghost_arena,
          uniq_josephina
Depths:1: layout_roguey, enter_ziggurat_b, nicolae_hell_entry_big_baal_hell,
          nicolae_gozag_cash_rules_everything_around_me,
          serial_sigils_hangedman_snap, tso_oasis_becter
Depths:2: minmay_gate_of_8, layout_cave_shapes, rand_demon_pan_entry_5,
          hell_entry, gammafunk_ghost_mausoleum, minmay_shop_star,
          minmay_staircase_statues, uniq_bai_suzhen
Depths:3: grunt_runaround [grunt_runaround_doors_1, grunt_runaround_doors_2,
          grunt_runaround_doors_3, grunt_runaround_doors_4,
          grunt_runaround_loot], hell_entry, abyss_entry
Depths:4: evilmike_zot_entry_basic, layout_cave_pools,
          minmay_misc_feat_diagonals, hellmouth_3
Hell
Zot:1:    layout_misc_corridors, st_small_dragon_hoard_2,
          amethyst_zot_foddershock, uniq_vv
Zot:2:    layout_cathedral_of_symmetry, gammafunk_ghost_grave
Zot:3:    gammafunk_dig_for_victory, layout_gridlike
Zot:4:    hangedman_orp_of_zott, layout_gridlike, lemuel_baited_zot_trap
Zot:5:    layout_basic
Zig:21:   ziggurat_pillar_d, ziggurat_pillar_d, ziggurat_pillar_d,
          ziggurat_pillar_d

Skill      XL: |  1  2  3  4  5  6  7  8  9 10 11 12 13 14 15 16 17 18 19 20 21 22 23 24 25 26 27 |
---------------+----------------------------------------------------------------------------------+-----
Stealth        | 1 2 4 3 4 6 |  6.0
Dodging        | 3 4 5 6 8 9 10 11 12 15 16 17 18 24 | 24.9
Unarmed Combat | 3 6 7 8 10 9 10 12 13 14 16 18 24 | 24.9
Fighting       | 3 4 5 6 8 9 10 11 12 14 17 18 26 | 26.1
Ranged Weapons | 1 2 4 5 6 5 8 10 | 10.0
Shapeshifting  | 4 5 6 7 8 9 10 11 12 14 15 17 18 20 21 23 | 23.6
Evocations     | 3 4 5 6 5 7 8 10 16 | 16.0
Throwing       | 2 6 7 |  7.9
Transmutations | 6 |  6.0
Shields        | 3 6 |  6.0
Ice Magic      | 2 7 8 |  8.0
Translocations | 4 8 9 |  9.9
Air Magic      | 4 6 |  6.0
Earth Magic    | 3 |  3.0
Spellcasting   | 6 |  6.0

Action                     |  1- 3 |  4- 6 |  7- 9 | 10-12 | 13-15 | 16-18 | 19-21 | 22-24 | 25-27 || total
---------------------------+-------+-------+-------+-------+-------+-------+-------+-------+-------++-------
  Melee: Unarmed           |    51 |   102 |   142 |   194 |   401 |   693 |   865 |   763 |  3157 ||  6368
         Tentacles         |     7 |    19 |    36 |    50 |   134 |   256 |   333 |   132 |   249 ||  1216
         Constrict         |    14 |    27 |    33 |    40 |    57 |   192 |   124 |   117 |   102 ||   706
         Punch             |     3 |     3 |     5 |    24 |    46 |   102 |   141 |   107 |   516 ||   947
         Maw               |       |       |       |       |    12 |   321 |   479 |   204 |   307 ||  1323
         Tailslap          |       |       |       |       |       |       |     4 |    79 |       ||    83
         Bite              |       |       |       |       |       |       |     2 |    59 |       ||    61
   Fire: Sling             |       |    69 |    65 |       |       |       |       |    83 |   143 ||   360
         Shortbow          |       |       |   111 |   365 |   686 |   169 |       |       |       ||  1331
         Longbow           |       |       |       |       |       |   108 |   241 |       |       ||   349
  Throw: Dart              |       |       |       |     7 |    27 |   322 |       |       |       ||   356
         Boomerang         |       |       |       |     2 |       |       |     7 |     3 |    10 ||    22
   Cast: Wereblood         |       |       |       |       |       |       |    19 |    47 |    64 ||   130
         Apportation       |       |       |       |       |       |       |     1 |       |       ||     1
         Ozocubu's Armour  |       |       |       |       |       |       |       |     1 |    24 ||    25
 Invoke: Sacrifice Essence |       |       |     1 |       |     1 |       |       |       |       ||     2
         Sacrifice Arcana  |       |       |       |     1 |       |       |       |       |       ||     1
         Sacrifice Resista |       |       |       |     1 |       |       |       |       |       ||     1
         Sacrifice Skill   |       |       |       |     1 |       |       |       |       |       ||     1
         Apocalypse        |       |       |       |       |     2 |     4 |     3 |     7 |    11 ||    27
         Reject Sacrifices |       |       |       |       |     2 |       |       |       |       ||     2
         Power Leap        |       |       |       |       |     1 |       |       |       |       ||     1
         Draw Out Power    |       |       |       |       |     1 |       |     1 |       |       ||     2
         Sacrifice Love    |       |       |       |       |       |     1 |       |       |       ||     1
         Sacrifice Purity  |       |       |       |       |       |     1 |       |       |       ||     1
Ability: Begin Untransform |       |       |       |       |     1 |       |       |       |       ||     1
         Blinkbolt         |       |       |       |       |       |       |       |       |    37 ||    37
  Evoke: Wand              |       |       |     2 |     9 |     8 |     5 |     3 |     3 |    18 ||    48
         Phial of floods   |       |       |       |     1 |     1 |     3 |       |       |       ||     5
         Lightning rod     |       |       |       |       |       |       |     4 |     4 |       ||     8
    Use: Potion            |       |     1 |       |       |     1 |       |       |     3 |    25 ||    30
         Scroll            |       |       |     9 |    13 |     7 |     5 |     3 |    12 |    10 ||    59
   Stab: Sleeping          |     6 |     7 |     4 |     1 |     4 |     2 |    14 |    15 |    45 ||    98
         Distracted        |       |     1 |       |       |     2 |     7 |     4 |     7 |    45 ||    66
         Invisible         |       |       |     1 |     3 |     1 |     9 |     2 |     3 |    24 ||    43
         Paralysed         |       |       |       |       |     6 |    10 |     6 |    18 |    12 ||    52
         Confused          |       |       |       |       |       |       |       |       |     3 ||     3
 Armour: Skin              |     2 |     6 |     3 |     6 |     7 |    23 |    26 |   100 |   340 ||   513
  Dodge: Dodged            |    23 |    45 |    74 |   131 |   270 |   581 |   705 |   529 |  3453 ||  5811
  Block: Other             |       |       |       |       |    41 |   121 |   112 |    55 |    40 ||   369
         Reflection        |       |       |       |       |     7 |     3 |     8 |    31 |     8 ||    57
         Buckler           |       |       |       |       |       |       |       |   225 |   303 ||   528
   Form: Beast             |       |       |       |     1 |     7 |     1 |       |       |       ||     9
                           |       |       |       |     1 |     5 |       |       |       |       ||     6
         Maw               |       |       |       |       |     2 |     3 |       |     1 |       ||     6
         Anaconda          |       |       |       |       |       |     2 |       |       |       ||     2
         Dragon            |       |       |       |       |       |       |     1 |       |       ||     1
         Storm             |       |       |       |       |       |       |       |       |     6 ||     6
         Death             |       |       |       |       |       |       |       |       |     6 ||     6

Table legend: (Time is in decaauts)
 A = Elapsed time spent in this place.
 B = Non-inter-level travel time spent in this place.
 C = Inter-level travel time spent in this place.
 D = Time resting spent in this place.
 E = Time spent auto-exploring this place.
 F = Levels seen in this place.
 G = Mean time per level.
                   A        B        C        D        E       F      G
               +--------+--------+--------+--------+--------+-----+--------+
         Total |  84614 |  72329 |  12285 |    883 |  50072 | 102 |  829.5 |
       Dungeon |  20701 |  16339 |   4362 |    241 |  12449 |  15 | 1380.1 |
        Temple |     73 |     55 |     18 |      0 |     50 |   1 |   73.0 |
          Lair |  10923 |   9068 |   1855 |    250 |   6578 |   5 | 2184.6 |
         Swamp |   3079 |   2630 |    449 |      0 |   1635 |   4 |  769.8 |
   Spider Nest |   5457 |   4981 |    476 |      0 |   3548 |   4 | 1364.2 |
    Slime Pits |   1356 |   1228 |    128 |     28 |    696 |   5 |  271.2 |
  Orcish Mines |   2326 |   1866 |    460 |      0 |   1265 |   2 | 1163.0 |
   Elven Halls |   3323 |   2841 |    482 |      0 |   1934 |   3 | 1107.7 |
        Vaults |   9143 |   7595 |   1548 |    148 |   5159 |   5 | 1828.6 |
         Crypt |   3455 |   3247 |    208 |      0 |   2569 |   3 | 1151.7 |
        Depths |   6541 |   5184 |   1357 |      6 |   3848 |   4 | 1635.2 |
          Hell |    511 |    489 |     22 |      0 |    252 |   1 |  511.0 |
           Zot |   6112 |   5194 |    918 |      0 |   3638 |   5 | 1222.4 |
         Abyss |    874 |    874 |      0 |      0 |    330 |   3 |  291.3 |
   Pandemonium |   6130 |   6130 |      0 |    186 |   3753 |  17 |  360.6 |
      Ziggurat |   2714 |   2714 |      0 |      2 |   1327 |  21 |  129.2 |
         Trove |     88 |     88 |      0 |      0 |      5 |   1 |   88.0 |
       Ossuary |    402 |    402 |      0 |      0 |    191 |   1 |  402.0 |
      Ice Cave |    823 |    823 |      0 |      0 |    532 |   1 |  823.0 |
      Gauntlet |    574 |    574 |      0 |     22 |    311 |   1 |  574.0 |
               +--------+--------+--------+--------+--------+-----+--------+

Top non-repeatable levels by time:
Depths:3: 2434 daAuts
  Lair:3: 2372 daAuts
  Lair:1: 2319 daAuts
  Lair:5: 2244 daAuts
  Lair:2: 2196 daAuts
Vaults:4: 2164 daAuts
Vaults:1: 2038 daAuts
Vaults:2: 2030 daAuts
    D:12: 2023 daAuts
  Lair:4: 1790 daAuts
   Orc:2: 1769 daAuts
Spider:4: 1746 daAuts
    D:14: 1708 daAuts
Spider:2: 1694 daAuts
Depths:2: 1669 daAuts
